Workbook
Name _: #REF!
Name _: #REF!
Name _: #REF!
Name A_impresión_IM: #REF!
Name A_impresión_IM: #REF!
Name A_impresión_IM: #REF!
Name Adm: #REF!
Name Adm: #REF!
Name Adm: #REF!
Name BASE: #REF!
Name BASE: #REF!
Name BASE: #REF!
Name cadenero: MO!$B$10
Name CDCT: #REF!
Name CDCT: #REF!
Name CDCT: #REF!
Name CeldCanti: #REF!
Name CeldCanti: #REF!
Name CeldCanti: #REF!
Name CELDVRUNIT1: #REF!
Name CELDVRUNIT1: #REF!
Name CELDVRUNIT1: #REF!
Name CIndPresup: #REF!
Name CIndPresup: #REF!
Name CIndPresup: #REF!
Name concreto2500: #REF!
Name concreto3000: #REF!
Name COSTIND: #REF!
Name COSTIND: #REF!
Name COSTIND: #REF!
Name CU_BB: [1]CUADRILLAS!$E$37
Name DescripPpto: #REF!
Name DescripPpto: #REF!
Name DescripPpto: #REF!
Name fecha: '1. APU INST LA BALSA'!#REF!
Name fecha: '2. APU INST INDAPAZ 24 NOV'!#REF!
Name fecha: '3. APU INST INDAPAZ PRINCIPAL'!#REF!
Name fecha: '4. APU INST SN PRINCIPAL'!#REF!
Name fecha: '5. APU INST SN LAS MARGARITAS'!#REF!
Name fecha: '6. APU INST SN M. AUXILIADORA'!#REF!
Name fecha: '7. APU INST LUIFERGO'!#REF!
Name fecha: APU!#REF!
Name fecha: #REF!
Name FinPpto: #REF!
Name FinPpto: #REF!
Name FinPpto: #REF!
Name FinPpto2: #REF!
Name FinPpto2: #REF!
Name FinPpto2: #REF!
Name FormLinPresup: #REF!
Name FormLinPresup: #REF!
Name FormLinPresup: #REF!
Name gvgg: #REF!
Name gvgg: #REF!
Name gvgg: #REF!
Name hrtfxtfhxg: #REF!
Name hrtfxtfhxg: #REF!
Name hrtfxtfhxg: #REF!
Name Imprev: #REF!
Name Imprev: #REF!

Sheet PRESUPUESTO  UBS
A2: OBJETO : CONSTRUCCIÓN DE UNIDADES BÁSICAS SANITARIAS DE ALCANTARILLADO ALTERNO EN LOS CORREGIMIENTOS DE LA DORADA, BOCAS DE URÉ Y PUEBLO FLECHAS EN EL MUNICIPIO DE SAN JOSÉ DE URÉ DEPARTAMENTO DE CÓRDOBA.
A4: PRESUPUESTO DE OBRA
A6: 1 | B6: CASETA
A7: ITEM | B7: DESCRIPCION | C7: UND | D7: CANTIDAD | E7: VR. UNITARIO | F7: VALOR
A8: 1.1 | B8: Localización, nivelación y replanteo (Incluye equipo topografico) | C8: m2 | D8: 2.8 | E8: =+#REF! -> #REF! | F8: =+D8*E8 -> #REF!
A9: =+A8+0.1 -> 1.2 | B9: Excavación manual para viga de amarre inferior 0,30*0,30 | C9: ML | D9: 6.6 | E9: =+#REF! -> #REF! | F9: =+D9*E9 -> #REF!
A10: =+A9+0.1 -> 1.3 | B10: Viga cimiento de 0,20*0,20 con 4Ø3/8" y estribos de Ø1/4" c/0,20 mts, concreto de 3000 PSI | C10: ML | D10: 8.5 | E10: =+#REF! -> #REF! | F10: =+D10*E10 -> #REF!
A11: =+A10+0.1 -> 1.4 | B11: Sobrenivelación en bloque macizo acostado No. 10 (3 hiladas) | C11: ML | D11: 6.6 | E11: =+#REF! -> #REF! | F11: =+D11*E11 -> #REF!
A12: =+A11+0.1 -> 1.5 | B12: Levante de muros en bloque hueco No. 10 | C12: M2 | D12: 15.5 | E12: =+#REF! -> #REF! | F12: =+D12*E12 -> #REF!
A13: =+A12+0.1 -> 1.6 | B13: Levante de calados | C13: M2 | D13: 0.2 | E13: =+#REF! -> #REF! | F13: =+D13*E13 -> #REF!
A14: =+A13+0.1 -> 1.7 | B14: Revoque para muros en mortero 1:5 ambas caras, e= 0,03 mts | C14: M2 | D14: 32.5 | E14: =+#REF! -> #REF! | F14: =+D14*E14 -> #REF!
A15: =+A14+0.1 -> 1.8 | B15: Viga de amarre superior de 0,10*0,20 concreto de 3000 PSI con 4Ø38/" y estribos de Ø1/4" c(0,20 mts | C15: ML | D15: 6.6 | E15: =+#REF! -> #REF! | F15: =+D15*E15 -> #REF!
A16: =+A15+0.1 -> 1.9 | B16: Plantilla para piso pulido de e= 0,07 mts concreto de 3000 PSI | C16: M2 | D16: 2.8 | E16: =+#REF! -> #REF! | F16: =+D16*E16 -> #REF!
A17: =+A16+0.1 -> 2 | B17: Relleno en material seleccionado compactado al 95% de P.M. | C17: M3 | D17: 1.8 | E17: =+[3]APU!$M$621 -> 84864.01 | F17: =+D17*E17 -> 152755.22
A18: =+A17+0.1 -> 2.1 | B18: Cubierta en Asbesto cemento, incluye estructura en madera y amarres | C18: M2 | D18: 3.5 | E18: =+[3]APU!$M$679 -> 49720.329 | F18: =+D18*E18 -> 174021.15
A19: =+A18+0.1 -> 2.2 | B19: Suministro e instalación de sanitario blanco | C19: UN | D19: 1 | E19: =+[3]APU!$M$736 -> 324480.09 | F19: =+D19*E19 -> 324480.09
A20: =+A19+0.1 -> 2.3 | B20: Suministro instalación de lavamanos blanco | C20: UN | D20: 1 | E20: =+[3]APU!$M$794 -> 224640 | F20: =+D20*E20 -> 224640
A21: =+A20+0.1 -> 2.4 | B21: Suministro e instalación de puerta en lamina de 0,70*2,00 mts con marco metalico | C21: UN | D21: 1 | E21: =+[3]APU!$M$853 -> 224640 | F21: =+D21*E21 -> 224640
A22: =+A21+0.1 -> 2.5 | B22: Pintura tipo 1 para muros interiores y exteriores (Tres manos) | C22: M2 | D22: 32.5 | E22: =+[3]APU!$M$910 -> 18215.997 | F22: =+D22*E22 -> 592019.89
A23: =+A22+0.1 -> 2.6 | B23: Instalaciones hidraulicas internas | C23: GL | D23: 1 | E23: =+[3]APU!$M$970 -> 249600 | F23: =+D23*E23 -> 249600
A24: =+A23+0.1 -> 2.7 | B24: Instalaciones eléctricas internas | C24: GL | D24: 1 | E24: =+[3]APU!$M$1029 -> 224640 | F24: =+D24*E24 -> 224640
E25: Sub-total | F25: =+SUM(F8:F8) -> #REF!
A26: 2 | B26: EXCAVACIONES
A27: ITEM | B27: DESCRIPCION | C27: UND | D27: CANTIDAD | E27: VR. UNITARIO | F27: VALOR
A28: =+A26+0.1 -> 2.1 | B28: Excavación manual en material común menor de 3 mts | C28: m3 | D28: =+[4]RESUMEN!$C$16+[4]RESUMEN!$C$20+[4]RESUMEN!$C$22+[4]RESUMEN!$C$23+[5]RESUMEN!$C$16+[5]RESUMEN!$C$20+[5]RESUMEN!$C$22+[5]RESUMEN!$C$23 -> 4425.0357 | E28: =+#REF! -> #REF! | F28: =+D28*E28 -> #REF!
A29: =A28+0.1 -> 2.2 | B29: Excavación mecánico en material común mayor de 3 mts | C29: =+C28 -> m3 | D29: =+[5]RESUMEN!$C$25+[5]RESUMEN!$C$26 -> 538.03823 | E29: =+#REF! -> #REF! | F29: =+D29*E29 -> #REF! | G29: 26013.512
E30: Sub-total | F30: =SUM(F28:F29) -> #REF!
A31: 3 | B31: MOVIMIENTOS DE TIERRA Y ENTIBADO
A32: ITEM | B32: DESCRIPCION | C32: UND | D32: CANTIDAD | E32: VR. UNITARIO | F32: VALOR
A33: =+A31+0.1 -> 3.1 | B33: Relleno con material seleccionado proveniente de excavación compactado con vibrocompactador | C33: =+#REF! -> #REF! | D33: =+[5]RESUMEN!$C$40+[4]RESUMEN!$C$40 -> 2264.8355 | E33: =+#REF! -> #REF! | F33: =+D33*E33 -> #REF! | G33: 15532.108
A34: =+A33+0.1 -> 3.2 | B34: Relleno con material seleccionado debidamente compactado al 95% del proctor modificado, e=0.3 mts (acarreo libre de 5 km) | C34: =+#REF! -> #REF! | D34: =+[5]RESUMEN!$C$28+[5]RESUMEN!$C$32+[4]RESUMEN!$C$28+[4]RESUMEN!$C$32 -> 1849.6049 | E34: =+#REF! -> #REF! | F34: =+D34*E34 -> #REF! | G34: 90511.367
A35: =+A34+0.1 -> 3.3 | B35: Relleno con arena, incluye materiales y mano de obra | C35: =+#REF! -> #REF! | D35: =+[5]RESUMEN!$C$34+[5]RESUMEN!$C$38+[4]RESUMEN!$C$34+[4]RESUMEN!$C$38 -> 472.03559 | E35: =+#REF! -> #REF! | F35: =+D35*E35 -> #REF! | G35: 46744.486
A36: =+A35+0.1 -> 3.4 | B36: Cargue, retiro y disposición de material sobrante de excavación a 5 Km | C36: =+#REF! -> #REF! | D36: =+[5]RESUMEN!$C$45+[5]RESUMEN!$C$49+[4]RESUMEN!$C$45+[4]RESUMEN!$C$49 -> 2698.2385 | E36: =+#REF! -> #REF! | F36: =+D36*E36 -> #REF! | G36: 25324.978
A37: =+A36+0.1 -> 3.5 | B37: Entibado temporal, debe incluir suministro,transporte, colocación de la madera, los tablones y los puntales; el costo de los equipos, herramientas, materiales, mano de obra y todo los costo directos | C37: m2 | D37: =+[5]RESUMEN!$C$50+[4]RESUMEN!$C$50 -> 3255.6968 | E37: =+#REF! -> #REF! | F37: =+D37*E37 -> #REF! | G37: 31598.126
E38: Sub-total | F38: =+SUM(F33:F37) -> #REF!
A39: 4 | B39: SUMINISTRO DE TUBERÍA ALCANTARILLADO SANITARIO
A40: ITEM | B40: DESCRIPCION | C40: UND | D40: CANTIDAD | E40: VR. UNITARIO | F40: VALOR
A41: 4.1 | B41: Suministro e instalación de Tubería PVC U.M. PVC D=200mm (8") | C41: ml | D41: =+[5]RESUMEN!$C$7 -> 2011.46 | E41: =+#REF! -> #REF! | F41: =D41*E41 -> #REF! | G41: 69964.623
A42: 4.2 | B42: Suministro e instalación de Tubería PVC U.M. PVC D=150mm (6") para manijas | C42: ml | D42: =+[4]RESUMEN!$C$7 -> 59.28 | E42: =+#REF! -> #REF! | F42: =D42*E42 -> #REF!
E43: Sub-total | F43: =+SUM(F41:F41) -> #REF!
A45: 5 | B45: CONSTRUCCIÓN DE CÁMARA DE INSPECCIÓN DE CONCRETO DE 21 MPA VACIADAS EN EL SITIO, INCLUYE MESA DE CONCRETO SIMPLE DE 0.20 M DE ESPESOR, CAÑUELAS DE TRANSICIÓN ESMALTADAS, CONO Y CILINDRO DE 1,20 M, EXCAVACIÓN EN CUALQUIER MATERIAL A CUALQUIER PROFUNDIDAD Y GRADO DE HUMEDAD, FORMALETERÍA, CONTROL DE AGUA, SUMINISTRO, TRANSPORTE, CORTE, FIGURACIÓN Y COLOCACIÓN DE REFUERZO, RETIRO Y BOTADA DE ESCOMBROS, LLENO Y MATERIAL DE BASE COMPACTADO Y SE INCLUYEN LOS DEMÁS COSTOS DIRECTOS NECESARIOS PARA LA CORRECTA REALIZACIÓN DE LA ACTIVIDAD. INCLUYE SUMINISTRO DE ANILLO Y TAPA
A46: ITEM | B46: DESCRIPCION | C46: UND | D46: CANTIDAD | E46: VR. UNITARIO | F46: VALOR
A47: =+A45+0.1 -> 5.1 | B47: Cámara de Inspección diametro interior 1.2 m H =(>1.5)m en concreto de 4000 PSI, Inlcuye tapa con aro en HF d=0.60m y escalera | C47: und | D47: =+[5]RESUMEN!$C$52+[4]RESUMEN!$C$52 -> 41 | E47: =+#REF! -> #REF! | F47: =D47*E47 -> #REF! | G47: 1586814.3
A48: =+A47+0.1 -> 5.2 | B48: Cámara de Inspección diametro interior 1.2 m H =(>1.5M; < 3m) en concreto de 4000 PSI, Inlcuye tapa con aro en HF d=0.60m y escalera | C48: und | D48: =+[5]RESUMEN!$C$53+[4]RESUMEN!$C$53 -> 13 | E48: =+#REF! -> #REF! | F48: =D48*E48 -> #REF! | G48: 2246686.1
A49: =+A48+0.1 -> 5.3 | B49: Cámara de Inspección diametro interior 1.2 m H mayor de >3m en concreto de 4000 PSI, Inlcuye tapa con aro en HF d=0.60m y escalera | C49: und | D49: =+[5]RESUMEN!$C$54 -> 15 | E49: =+#REF! -> #REF! | F49: =D49*E49 -> #REF! | G49: 3180149.8
A50: =+A49+0.1 -> 5.4 | B50: Construcción de las caídas D = 8" según especificaciones de planos. | C50: und | D50: 30 | E50: =+#REF! -> #REF! | F50: =D50*E50 -> #REF!
E51: Sub-total | F51: =+SUM(F47:F50) -> #REF!
A52: 6 | B52: ESTRUCTURAS COMPLEMENTARIAS
A53: ITEM | B53: DESCRIPCION | C53: UND | D53: CANTIDAD | E53: VR. UNITARIO | F53: VALOR
A54: =A52+0.1 -> 6.1 | B54: Acometida domiciliaria PVC nueva 160x200 mm, inculye Caja de registro, tubería y accesorios | C54: =+#REF! -> #REF! | D54: 162 | E54: =+#REF! -> #REF! | F54: =D54*E54 -> #REF! | G54: 10
F55: =+SUM(F54:F54) -> #REF!
A56: 9 | B56: PLANTA DE TRATAMIENTO DE AGUAS RESIDUALES
A57: ITEM | B57: DESCRIPCION | C57: UND | D57: CANTIDAD | E57: VR. UNITARIO | F57: VALOR
A58: 9.11 | B58: PRETRATAMIENTO
A59: 9.1.1 | B59: Excavación manual en material común menor de 3 mts | C59: m3 | D59: 12.11 | E59: =+#REF! -> #REF! | F59: =+E59*D59 -> #REF! | G59: =1.1+2 -> 3.1
A60: 9,1,2 | B60: Relleno con material seleccionado debidamente compactado al 95% del proctor modificado, e=0.3 mts (acarreo libre de 5 km) | C60: m3 | D60: 1.6 | E60: =+#REF! -> #REF! | F60: =+E60*D60 -> #REF!
A61: 9,1,3 | B61: Cargue y botada de material proveniente de la excavación a cualquier distancia | C61: m3 | D61: =+D59-D60 -> 10.51 | E61: =+#REF! -> #REF! | F61: =+E61*D61 -> #REF!
A62: 9,1,4 | B62: Entresuelo en piedra D<4" | C62: m3 | D62: 0.4 | E62: =+#REF! -> #REF! | F62: =+E62*D62 -> #REF!
A63: 9,1,5 | B63: Solado en concreto pobre (f'c = 14 Mpa) e = 5 cm | C63: m3 | D63: 0.1 | E63: =+#REF! -> #REF! | F63: =+E63*D63 -> #REF!
A64: 9,1,6 | B64: Concreto f'c=28 Mpa losa de fondo (incluye impermeabilizante) | C64: m3 | D64: 0.51 | E64: =+#REF! -> #REF! | F64: =+E64*D64 -> #REF!
A65: 9,1,7 | B65: Concreto f'c=280 kg/cm2 muros (Incluye formaleta e impermeabilizante) | C65: m3 | D65: 4.1 | E65: =+#REF! -> #REF! | F65: =+E65*D65 -> #REF!
A66: 9,1,8 | B66: ='[6]PRESUPUESTO PTAR'!$B$56 -> Cinta PVC de e=15 cm | C66: m | D66: 11.6 | E66: =+#REF! -> #REF! | F66: =+E66*D66 -> #REF!
A67: 9,1,9 | B67: Acero de refuerzo fy = 60.000 psi (incluye figuración) | C67: kg | D67: =+(D64+D65)*150 -> 691.5 | E67: =+#REF! -> #REF! | F67: =+E67*D67 -> #REF!
A68: 9,1,10 | B68: Compuerta de tablero de 0,45 m x 0,40 m en fibra de vidrio e=1 cm, incluye instalación, guías y sello | C68: un | D68: 2 | E68: =+#REF! -> #REF! | F68: =+E68*D68 -> #REF!
A69: 9,1,11 | B69: Reja de 0,5m x 0,50m, con platina de 25 x 4.7 mm, separadas cada 1,5 cm, incluye guías de "U" de 25 x 12.7 mm galvanizada e instalación. | C69: un | D69: 2 | E69: =+#REF! -> #REF! | F69: =+E69*D69 -> #REF!
A70: 9,1,12 | B70: Bandeja de escurrimiento en lámina galvanizada C 14 de 0.30 x 0.45 m y 0.20 de altura, perforada con orificios de Ø 9.4 mm | C70: un | D70: 1 | E70: =+#REF! -> #REF! | F70: =+E70*D70 -> #REF!
F71: =+SUM(F59:F70) -> #REF!
A72: 9,2 | B72: TANQUE SÉPTICO
A73: 9,2,1 | B73: Excavación manual en material común menor de 3 mts | C73: m3 | D73: =ROUND((3*8.75*8.74),1) -> 229.4 | E73: =+#REF! -> #REF! | F73: =+E73*D73 -> #REF!
A74: 9,2,2 | B74: Relleno con material seleccionado debidamente compactado al 95% del proctor modificado, e=0.3 mts (acarreo libre de 5 km) | C74: m3 | D74: =ROUNDUP((8.75*8.74*0.3),1) -> 23 | E74: =+#REF! -> #REF! | F74: =+E74*D74 -> #REF!
A75: 9,2,3 | B75: Cargue y botada de material proveniente de la excavación a cualquier distancia | C75: m3 | D75: =+(D73)*1.25 -> 286.75 | E75: =+#REF! -> #REF! | F75: =+E75*D75 -> #REF!
A76: 9,2,4 | B76: Entresuelo en piedra D<100 mm | C76: m3 | D76: =8.74*8.75*0.15 -> 11.47125 | E76: =+E62 -> #REF! | F76: =+E76*D76 -> #REF!
A77: 9,2,5 | B77: Solado en concreto pobre (f'c = 14 Mpa) e = 5 cm | C77: m3 | D77: =8.74*8.75*0.05 -> 3.82375 | E77: =+E63 -> #REF! | F77: =+E77*D77 -> #REF!
A78: 9,2,6 | B78: Concreto f'c=28 Mpa losa de fondo (incluye impermeabilizante) | C78: m3 | D78: =8.74*8.75*0.3 -> 22.9425 | E78: =+E64 -> #REF! | F78: =+E78*D78 -> #REF!
A79: 9,2,7 | B79: Concreto f'c=28 Mpa muros y cajas (Incluye formaleta e impermeabilizante) | C79: m3 | D79: =+((8.74*2.65*2*0.25)+(8.75*2.65*0.25*3)+(8.75*2.1*0.25)+(4.58*1*0.25)) -> 34.709875 | E79: =+E65 -> #REF! | F79: =+E79*D79 -> #REF!
A80: 9,2,8 | B80: Concreto f'c=28Mpa para losa superior (Incluye formaleta e impermeabilizante) | C80: m3 | D80: =8.2*8.25*0.15 -> 10.1475 | E80: =+#REF! -> #REF! | F80: =+E80*D80 -> #REF!
A81: 9,2,9 | B81: ='[6]PRESUPUESTO PTAR'!$B$56 -> Cinta PVC de e=15 cm | C81: m | D81: 34.5 | E81: =+E66 -> #REF! | F81: =+E81*D81 -> #REF!
A82: 9,2,10 | B82: Acero de refuerzo fy = 60.000 psi (incluye figuración) | C82: kg | D82: =+(D80+D79+D78)*155 -> 10508.981 | E82: =+E67 -> #REF! | F82: =+E82*D82 -> #REF!
A83: 9,2,11 | B83: Herrajes tapa de 0,7 m de diámetro | C83: un | D83: 6 | E83: =+#REF! -> #REF! | F83: =+E83*D83 -> #REF!
A84: 9,2,12 | B84: Tubería de Extracción de lodos PVC RDE 21 Ø 150 mm | C84: m | D84: 17.9 | E84: =+#REF! -> #REF! | F84: =+E84*D84 -> #REF!
A85: 9,2,13 | B85: Tee PVC Ø 150 x 100 mm | C85: un | D85: 1 | E85: =+#REF! -> #REF! | F85: =+E85*D85 -> #REF!
A86: 9,2,14 | B86: Tee PVC Ø 150 mm | C86: un | D86: 7 | E86: =+#REF! -> #REF! | F86: =+E86*D86 -> #REF!
A87: 9,2,15 | B87: Tee PVC Ø 100 mm | C87: un | D87: 12 | E87: =+#REF! -> #REF! | F87: =+E87*D87 -> #REF!
A88: 9,2,16 | B88: Codo PVC Ø 150 mm X 90º | C88: un | D88: 2 | E88: =+#REF! -> #REF! | F88: =+E88*D88 -> #REF!
A89: 9,2,17 | B89: Abrazaderas en Cinta PVC e = 15 cm, incluye fijaciones de 12.7 x 62.5 mm | C89: un | D89: 4 | E89: =+#REF! -> #REF! | F89: =+E89*D89 -> #REF!
A90: 9,2,18 | B90: Pasamuros Ø 150 mm de L = 0,70 m extremo liso | C90: un | D90: 4 | E90: =+#REF! -> #REF! | F90: =+E90*D90 -> #REF!
A91: 9,2,19 | B91: Válvulas de compuerta Ø 150 mm sello bronce, extremo liso (Tipo AWWA C-500) | C91: un | D91: 1 | E91: =+#REF! -> #REF! | F91: =+E91*D91 -> #REF!
F92: =+SUM(F73:F91) -> #REF!
A93: 9,3 | B93: FILTRO ANAEROBO DE FLUJO ASCENDENTE
A94: 9,3,1 | B94: Excavación manual en material común menor de 3 mts | C94: m3 | D94: =ROUND((4.65*4.9*2.65),0) -> 60 | E94: =+E73 -> #REF! | F94: =+E94*D94 -> #REF!
A95: 9,3,2 | B95: Relleno con material seleccionado debidamente compactado al 95% del proctor modificado, e=0.3 mts (acarreo libre de 5 km) | C95: m3 | D95: =ROUNDUP((4.5*4.9*0.3),0) -> 7 | E95: =+E74 -> #REF! | F95: =+E95*D95 -> #REF!
A96: 9,3,3 | B96: Cargue y botada de material proveniente de la excavación a cualquier distancia | C96: m3 | D96: =+(D94)*1.25 -> 75 | E96: =+E75 -> #REF! | F96: =+E96*D96 -> #REF!
A97: 9,3,4 | B97: Entresuelo en piedra D<100 mm | C97: m3 | D97: =ROUNDUP((4.65*4.9*0.15),0) -> 4 | E97: =+E76 -> #REF! | F97: =+E97*D97 -> #REF!
A98: 9,3,5 | B98: Solado en concreto pobre (f'c = 14 Mpa) e = 5 cm | C98: m3 | D98: =ROUNDUP((4.65*4.4*0.05),0) -> 2 | E98: =+E77 -> #REF! | F98: =+E98*D98 -> #REF!
A99: 9,3,6 | B99: Concreto f'c=28 Mpa losa de fondo (incluye impermeabilizante) | C99: m3 | D99: =ROUNDUP((4.65*4.4*0.3),0) -> 7 | E99: =+E78 -> #REF! | F99: =+E99*D99 -> #REF!
A100: 9,3,7 | B100: Concreto f'c=28 Mpa muros (Incluye formaleta e impermeabilizante) | C100: m3 | D100: =ROUNDUP((+(4.65*2.65*2*0.25)+(4.4*2.65*0.25)),0) -> 10 | E100: =+E79 -> #REF! | F100: =+E100*D100 -> #REF!
A101: 9,3,8 | B101: Concreto f'c=28 Mpa losa superior (Incluye formaleta e impermeabilizante) | C101: m3 | D101: =ROUNDUP((4.65*4.4*0.15),0) -> 4 | E101: =+E80 -> #REF! | F101: =+E101*D101 -> #REF!
A102: 9,3,9 | B102: ='[6]PRESUPUESTO PTAR'!$B$56 -> Cinta PVC de e=15 cm | C102: m | D102: 11 | E102: =+E81 -> #REF! | F102: =+E102*D102 -> #REF!
A103: 9,3,10 | B103: Acero de refuerzo fy = 60.000 psi (incluye figuración) | C103: kg | D103: =+(D101+D100+D99)*155 -> 3255 | E103: =+E82 -> #REF! | F103: =+E103*D103 -> #REF!
A104: 9,3,11 | B104: Herrajes tapa de 0,7 m de diámetro | C104: un | D104: 2 | E104: =+E83 -> #REF! | F104: =+E104*D104 -> #REF!
...

Sheet PRESUPUESTO
B1: MANTENIMIENTO Y ADECUACIÓN DE INSTITUCIONES EDUCATIVAS OFICIALES, DEL MUNICIPIO DE LA APARTADA CORDOBA.
B3: ITEM | C3: DESCRIPCIÓN | D3: UND | E3: CANT. | F3: V. UNITARO | G3: V. PARCIAL
B4: 1 | C4: INSTITUCIÓN ADUCATIVA LA BALSA SEDE PRINCIPAL
B5: 1.1 | C5: DESMONTE DE PUERTA GALVANIZADA DE ACCCESO A UNIDAD SANITARIA, 1.0 MTS X 2.40 MTS, INLCUYE DESMONTE DE MARCO | D5: UND | E5: 2 | F5: =+'1. APU INST LA BALSA'!H40 -> 153098.67 | G5: =+E5*F5 -> 306197.33
B6: 1.2 | C6: DESMONTE DE PUERTA DE BAÑO DE UNIDAD SANITARIA EN MAL ESTADO. 0.68 MTS X 1.80 MTS, INCLUYE DESMONTE DE MARCO | D6: UND | E6: 6 | F6: =+'1. APU INST LA BALSA'!H89 -> 122478.93 | G6: =+E6*F6 -> 734873.6
B7: 1.3 | C7: DESMONTE DE PUERTAS DE ACCESO EN MAL ESTADO DE CUARTO DE ALMACEN, 0.70 MTS X 2.40 MTS, INLUYE DESMONTE DE MARCOS. | D7: UND | E7: 4 | F7: =+'1. APU INST LA BALSA'!H141 -> 153098.67 | G7: =+E7*F7 -> 612394.67
B8: 1.4 | C8: S/I DE PUERTA GALVANIZADA CALIBRE 20, EN MARCO DE TUBOS DE 1.0 MTS X 2.40 MTS, PARA ACCESO UNIDAD SANITARIA Y CUARTO DE ALMACEN | D8: UND | E8: 3 | F8: =+'1. APU INST LA BALSA'!H191 -> 1456003.1 | G8: =+E8*F8 -> 4368009.3
B9: 1.5 | C9: S/I DE PUERTA GALVANIZADA CALIBRE 20, EN MARCO DE TUBOS DE 0.70 MTS X 1.80 MTS | D9: UND | E9: 6 | F9: =+'1. APU INST LA BALSA'!H244 -> 941870.92 | G9: =+E9*F9 -> 5651225.5
B10: 1.6 | C10: SELLADO DE PUERTAS GALAVANIZADAS DE 0.70 MTS X 2.10 MTS, CON MANPOSTERIA EN BLOQUE 0.10 X 0.20 X 0.40. | D10: M2 | E10: =2*0.7*2.1 -> 2.94 | F10: =+'1. APU INST LA BALSA'!H298 -> 60764.944 | G10: =+E10*F10 -> 178648.94
B11: 1.7 | C11: DESMONTE DE SANITARIOS EN MAL ESTADO. | D11: UND | E11: 6 | F11: =+'1. APU INST LA BALSA'!H348 -> 105991.38 | G11: =+E11*F11 -> 635948.31
B12: 1.8 | C12: S/I DE SANITARIOS CERÁMICO BLANCO, INCLUYE TODOS SUS ACCESORIOS, HASTA SU CORRECTO FUNCIONAMINETO. | D12: UND | E12: 6 | F12: =+'1. APU INST LA BALSA'!H401 -> 597617.4 | G12: =+E12*F12 -> 3585704.4
B13: 1.9 | C13: S/I DE GRIFERIA PARA LAVAMANOS CERÁMICO BLANCO, INCLUYE TODOS SUS ACCESORIOS, HASTA SU CORRECTO FUNCIONAMIENTO. | D13: UND | E13: 2 | F13: =+'1. APU INST LA BALSA'!H451 -> 234288.05 | G13: =+E13*F13 -> 468576.1
B14: 1.10 | C14: S/I DE ORINALES CERÁMICO BLANCO, INLCUYE TODOS SUS ACCESORIOS, HASTA SU CORRECTO FUNCIONAMIENTO. | D14: UND | E14: 2 | F14: =+'1. APU INST LA BALSA'!H504 -> 521841.4 | G14: =+E14*F14 -> 1043682.8
B15: 1.11 | C15: S/I DE LAMPARAS LED DE LAMPARAS LEED DE 0,60 X 0,60 LUZ BLANCA. | D15: UND | E15: 4 | F15: =+'1. APU INST LA BALSA'!H555 -> 153498.7 | G15: =+E15*F15 -> 613994.8
B16: 1.12 | C16: PINTURA PARA MUROS INTERIORES LAVABLE | D16: M2 | E16: 76.69 | F16: =+'1. APU INST LA BALSA'!H608 -> 11261.973 | G16: =+E16*F16 -> 863680.73
B17: 1.13 | C17: PINTURA PAR MURO EXTERIOR TIPO KORAZA | D17: M2 | E17: 112.58 | F17: =+'1. APU INST LA BALSA'!H662 -> 27598.371 | G17: =+E17*F17 -> 3107024.6
B18: 1.14 | C18: S/I DE CIELO RASO EN LAMINA PVC, EN UNIDAD SANITARIA | D18: M2 | E18: 30.655 | F18: =+'1. APU INST LA BALSA'!H720 -> 74044.538 | G18: =+E18*F18 -> 2269835.3
C19: SUB-TOTAL | G19: =+SUM(G5:G18) -> 24439796
B20: 2 | C20: INSTITUCIÓN EDUCATIVA INDAPAZ SEDE 24 DE NOVIEMBRE
B21: 2.1 | C21: DESMONTE DE PUERTAS DE ACCCESO A UNIDAD SANITARIA, 1.0 MTS X 2.40 MTS, INLCUYE DESMONTE DE MARCO | D21: UND | E21: 2 | F21: =+'2. APU INST INDAPAZ 24 NOV'!H40 -> 153098.67 | G21: =+E21*F21 -> 306197.33
B22: 2.2 | C22: DESMONTE DE PUERTA DE BAÑO DE UNIDAD SANITARIA EN MAL ESTADO. 0.68 MTS X 1.80 MTS, INCLUYE DESMONTE DE MARCO | D22: UND | E22: 6 | F22: =+'2. APU INST INDAPAZ 24 NOV'!H91 -> 122478.93 | G22: =+E22*F22 -> 734873.6
B23: 2.3 | C23: S/I DE PUERTAS GALVANIZADAS CALIBRE 20, EN MARCO DE TUBOS DE 1.0 MTS X 2.40 MTS, PARA ACCESO UNIDAD SANITARIA. | D23: UND | E23: 2 | F23: =+'2. APU INST INDAPAZ 24 NOV'!H145 -> 1441863.1 | G23: =+E23*F23 -> 2883726.2
B24: 2.4 | C24: S/I DE PUERTA GALVANIZADA CALIBRE 20, EN MARCO DE TUBOS DE 0.70 MTS X 1.80 MTS | D24: UND | E24: 6 | F24: =+'2. APU INST INDAPAZ 24 NOV'!H197 -> 927730.92 | G24: =+E24*F24 -> 5566385.5
B25: 2.5 | C25: DESMONTE DE SANITARIOS EN MAL ESTADO. | D25: UND | E25: 6 | F25: =+'2. APU INST INDAPAZ 24 NOV'!H247 -> 105991.38 | G25: =+E25*F25 -> 635948.31
B26: 2.6 | C26: S/I DE SANITARIOS CERÁMICO BLANCO, INCLUYE TODOS SUS ACCESORIOS, HASTA SU CORRECTO FUNCIONAMINETO. | D26: UND | E26: 6 | F26: =+'2. APU INST INDAPAZ 24 NOV'!H300 -> 582017.4 | G26: =+E26*F26 -> 3492104.4
B27: 2.7 | C27: S/I DE GRIFERIA PARA LAVAMANOS CERÁMICO BLANCO, INCLUYE TODOS SUS ACCESORIOS, HASTA SU CORRECTO FUNCIONAMIENTO. | D27: UND | E27: 2 | F27: =+'2. APU INST INDAPAZ 24 NOV'!H350 -> 234288.05 | G27: =+E27*F27 -> 468576.1
C28: SUB-TOTAL | G28: =+SUM(G21:G27) -> 14087812
B29: 3 | C29: INSTITUCIÓN EDUCATIVA INADAPAZ SEDE PRINCIPAL
B30: 3.1 | C30: DESMONTE DE CIELO RASO EN LAMINA DE DRYWALL, EN MAL ESTADO. | D30: M2 | E30: =+E31 -> 364.5 | F30: =+'7. APU INST LUIFERGO'!H101 -> 12113.301 | G30: =+F30*E30 -> 4415298.2
B31: 3.2 | C31: S/I DE CIELO RASO EN LAMINA PVC, PARA AULAS ESCOLARES | D31: M2 | E31: =7.5*8.1*6 -> 364.5 | F31: =+'3. APU INST INDAPAZ PRINCIPAL'!H48 -> 71355.737 | G31: =+E31*F31 -> 26009166
C32: SUB-TOTAL | G32: =+SUM(G31+G30) -> 30424464
B33: 4 | C33: INSTITUCIÓN EDUCATIVA SITIO NUEVO SEDE PRINCIPAL
B34: 4.1 | C34: DESMONTE DE CUBIERTA EN TEJA DE ETENIT EN MAL ESTADO, PARA COMEDOR. | D34: M2 | E34: =8.6*9.46 -> 81.356 | F34: =+'4. APU INST SN PRINCIPAL'!H40 -> 13672.893 | G34: =+E34*F34 -> 1112371.9
B35: 4.2 | C35: S/I DE TEJA ARQUITECTONICA TJ AZUL 1,01M X 6 M CAL 31 0,25MM, INCLUYE TODOS SUS ACCESORIOS PARA SU DEBIDA INSTALACIÓN. | D35: M2 | E35: =+E34 -> 81.356 | F35: =+'4. APU INST SN PRINCIPAL'!H96 -> 77639.527 | G35: =+E35*F35 -> 6316441.3
B36: 4.3 | C36: S/I DE CABALLETE AZUL 0,40X0,107M KLAR U PVC | D36: ML | E36: 9.46 | F36: =+'4. APU INST SN PRINCIPAL'!H151 -> 92584.867 | G36: =+E36*F36 -> 875852.84
B37: 4.4 | C37: S/I DE CIELO RASO EN LAMINA PVC, EN COMEDOR Y AULAS | D37: M2 | E37: =52.992+65.92 -> 118.912 | F37: =+'4. APU INST SN PRINCIPAL'!H209 -> 77044.538 | G37: =+E37*F37 -> 9161520.1
B38: 4.5 | C38: PINTURA PARA MUROS INTERIORES LAVABLE | D38: M2 | E38: =230.76-71.784 -> 158.976 | F38: =+'4. APU INST SN PRINCIPAL'!H254 -> 11261.973 | G38: =+E38*F38 -> 1790383.5
B39: 4.6 | C39: PINTURA PARA MUROS EXTERIORES TIPO KORAZA | D39: M2 | E39: 243.528 | F39: =+'4. APU INST SN PRINCIPAL'!H308 -> 27598.371 | G39: =+E39*F39 -> 6720976
B40: 4.7 | C40: S/I DE SANITARIOS CERÁMICO BLANCO, INCLUYE TODOS SUS ACCESORIOS, HASTA SU CORRECTO FUNCIONAMINETO. | D40: UND | E40: 2 | F40: =+'4. APU INST SN PRINCIPAL'!H360 -> 612017.4 | G40: =+E40*F40 -> 1224034.8
B41: 4.8 | C41: S/I DE GRIFERIA PARA LAVAMANOS CERÁMICO BLANCO, INCLUYE TODOS SUS ACCESORIOS, HASTA SU CORRECTO FUNCIONAMIENTO. | D41: UND | E41: 5 | F41: =+'4. APU INST SN PRINCIPAL'!H410 -> 251953.28 | G41: =+E41*F41 -> 1259766.4
B42: 4.9 | C42: S/I DE PUERTAS GALVANIZADAS CALIBRE 20, EN MARCO DE TUBOS DE 1.0 MTS X 2.0 MTS, PARA ACCESO UNIDAD SANITARIA. | D42: UND | E42: 2 | F42: =+'4. APU INST SN PRINCIPAL'!H460 -> 1427213.1 | G42: =+E42*F42 -> 2854426.2
B43: 4.1 | C43: S/I DE TUBERÍA SANITARIA DE 6 PULGADAS, PARA EVACUACIÓN DE AGUAS RESIDUALES | D43: ML | E43: 9 | F43: =+'4. APU INST SN PRINCIPAL'!H562 -> 90024.667 | G43: =+E43*F43 -> 810222
C44: SUB-TOTAL | G44: =+SUM(G34:G43) -> 32125995
B45: 5 | C45: INSTITUCIÓN EDUCATIVA SITIO NUEVO SEDE LAS MARGARITAS
B46: 5.1 | C46: S/I DE CIELO RASO EN LAMINA PVC, COMEDOR | D46: M2 | E46: =52.4+28.57 -> 80.97 | F46: =+'5. APU INST SN LAS MARGARITAS'!H48 -> 86044.538 | G46: =+F46*E46 -> 6967026.3
B47: 5.2 | C47: PINTURA PARA MUROS EXTERIORES TIPO KORAZA, PARA MURO PERIMETRAL | D47: M2 | E47: 230 | F47: =+'5. APU INST SN LAS MARGARITAS'!H149 -> 27598.371 | G47: =+E47*F47 -> 6347625.3
B48: 5.3 | C48: S/I DE SANITARIOS CERÁMICO BLANCO, INCLUYE TODOS SUS ACCESORIOS, HASTA SU CORRECTO FUNCIONAMINETO. | D48: UND | E48: 5 | F48: =+'5. APU INST SN LAS MARGARITAS'!H201 -> 618017.4 | G48: =+E48*F48 -> 3090087
C49: SUB-TOTAL | G49: =+SUM(G46:G48) -> 16404739
B50: 6 | C50: INSTITUCIÓN EDUCATIVA SITIO NUEVO SEDE MARIA AUXILIADORA
B51: 6.1 | C51: EXCAVACIÓN MANUAL DE ZAPATA AISLADA (1.80 X MTS X 1.80 MTS X 1.50 MTS ) | D51: M3 | E51: =1.8*1.8*1.5 -> 4.86 | F51: =+'6. APU INST SN M. AUXILIADORA'!H40 -> 141321.85 | G51: =+F51*E51 -> 686824.17
B52: 6.2 | C52: CONSTRUCCION ZAPATA AISLADA DE (1.80 MTS X 1.80 MTS X 0.40 MTS) EN CONCRETO DE 3500 PSI, INCLUYE ACERO DE REFUERZO #4@0.15M EN AMBOS SENTIDOS, DESPLANTADA A 1,50 MTS. | D52: UND | E52: 1 | F52: =+'6. APU INST SN M. AUXILIADORA'!H98 -> 937504.33 | G52: =+E52*F52 -> 937504.33
B53: 6.3 | C53: CONSTRUCCION COLUMNA DE (0,30 MTS X 0.30 MTS X 5.50 MTS) EN CONCRETO DE 3500 PSI, INCLUYE ACERO DE REFUERZO: 8#5 LONGITUDINAL, E#3@0.10M. | D53: ML | E53: =3.7+1.1 -> 4.8 | F53: =+'6. APU INST SN M. AUXILIADORA'!H161 -> 195310.32 | G53: =+E53*F53 -> 937489.54
B54: 6.4 | C54: CONSTRUCCION DE CABEZAL COLUMNA-LOSA EN CONCRETO DE 3500 PSI DE SECCION (0.50 MTS X 0.50 MTS X 0.30 MTS) | D54: UND | E54: 1 | F54: =+'6. APU INST SN M. AUXILIADORA'!H221 -> 147248.33 | G54: =+E54*F54 -> 147248.33
B55: 6.5 | C55: CONSTRUCCIÓN DE LOSA ESTRUCTURAL PARA SOPORTE DE TANQUE DE ALMACENAMIENTO DE 2000 L, (1.60 MTS X 1.60 MTS X 0.25 MTS) EN CONCRETO DE 3500 PSI, INCLUYE ACERO DE REFUEZO; PARRILLA SUPERIOR #4@0.15M EN AMBOS SENTIDOS Y PARILLA INFERIOR #3@0.20 M. | D55: UND | E55: 1 | F55: =+'6. APU INST SN M. AUXILIADORA'!H278 -> 504363.25 | G55: =+E55*F55 -> 504363.25
C56: SUB-TOTAL | G56: =+SUM(G51:G55) -> 3213429.6
B57: 7 | C57: INSTITUCIÓN EDUCATIVA LUIS FERNANDO GONZALES BOTERO
B58: 7.1 | C58: S/I DE CONEXIONES ELECTRICAS PARA EQUIPOS DE COMPUTO, INCLUYE TODOS LOS MATERIALES NECESARIOS PARA SU CORRECTA INSTALACIÓN Y FUNCIONAMIENTO. | D58: UND | E58: 20 | F58: =+'7. APU INST LUIFERGO'!H52 -> 300486.8 | G58: =+E58*F58 -> 6009736
B59: 7.2 | C59: DESMONTE DE CIELO RASO EN LAMINA DE POLIESTIRENO EXPANDIDO, EN MAL ESTADO. | D59: M2 | E59: 108.48 | F59: =+'7. APU INST LUIFERGO'!H101 -> 12113.301 | G59: =+E59*F59 -> 1314050.9
B60: 7.3 | C60: S/I DE CIELO RASO EN LAMINA PVC, EN SALA DE SISTEMAS. | D60: M2 | E60: 108.48 | F60: =+'7. APU INST LUIFERGO'!H159 -> 70044.538 | G60: =+E60*F60 -> 7598431.5
B61: 7.4 | C61: PINTURA PARA MUROS INTERIORES LAVABLE | D61: M2 | E61: 87.526 | F61: =+'7. APU INST LUIFERGO'!H215 -> 11261.973 | G61: =+E61*F61 -> 985715.48
B62: 7.5 | C62: S/I DE LAMPARAS LED DE LAMPARAS LEED DE 0,60 X 0,60 LUZ BLANCA. | D62: UND | E62: 12 | F62: =+'7. APU INST LUIFERGO'!H264 -> 153498.7 | G62: =+E62*F62 -> 1841984.4
C63: SUB-TOTAL | G63: =+SUM(G58:G62) -> 17749918
C65: TOTAL COSTOS DIRECTOS | G65: =+G19+G28+G32+G44+G49+G56+G63 -> 138446154
C66: TOTAL COSTOS INDIRECTOS (A.I.U. 30%) | G66: =ROUND((G65*0.3),0) -> 41533846
C67: TOTAL COSTOS PROYECTO | G67: =G65+G66 -> 179980000
C73: OMAR ANTONIO ROMAN HERRERA
C74: Secretario de Planeación, Obras Públicas y Medio Ambiente
C75: Municipio de La Apartada Córdoba (E)
C76: Mediante Resolución N° 286 de 08 de Septiembre de 2026

Sheet 1. APU INST LA BALSA
B8: ANALISIS DE PRECIOS UNITARIOS A.P.U.
B9: =+PRESUPUESTO!B1 -> MANTENIMIENTO Y ADECUACIÓN DE INSTITUCIONES EDUCATIVAS OFICIALES, DEL MUNICIPIO DE LA APARTADA CORDOBA.
B12: =+PRESUPUESTO!C5 -> DESMONTE DE PUERTA GALVANIZADA DE ACCCESO A UNIDAD SANITARIA, 1.0 MTS X 2.40 MTS, INLCUYE DESMONTE DE MARCO | G12: UND: und
B15: ITEM | C15: =+PRESUPUESTO!B5 -> 1.1
B16: I. EQUIPO
B17: Descripción | D17: Tipo | E17: Tarifa/Hora | F17: Rendimiento | G17: Valor-Unit. | H17: Valor Total
B18: Herramienta menor | F18: 0.1 | G18: =+H38 -> 139180.61 | H18: =+F18*G18 -> 13918.061
G21: Sub-Total | H21: =SUM(H18:H20) -> 13918.061
B22: II. MATERIALES EN OBRA
B23: Descripción | D23: Unidad | E23: Cantidad | F23: Precio unitario | G23: Valor-unit | H23: Valor Total
G27: Sub-Total | H27: =SUM(H24:H26) -> 0
B28: III. TRANSPORTES
B29: Descripción | D29: Tipo | E29: Distancia | F29: Tarifa | G29: Valor-Unit. | H29: Valor Total
G30: =+E30*F30 -> 0 | H30: =+G30 -> 0
G32: Sub-Total | H32: =+H30 -> 0
B33: IV. MANO DE OBRA
B34: Trabajador | C34: Cantidad | D34: Jornal | E34: Prestaciones | F34: Jornal Total | G34: Rendimiento | H34: Valor-Unit.
B35: Oficial | C35: 1 | D35: 93381.6 | E35: 1.8344 | F35: =+D35*C35*E35 -> 171299.21 | G35: 2 | H35: =F35/G35 -> 85649.604
B36: ayudante | C36: 1 | D36: 58363.5 | E36: 1.8344 | F36: =+D36*C36*E36 -> 107062 | G36: 2 | H36: =+F36/G36 -> 53531.002
G38: Sub-Total | H38: =+SUM(H35:H37) -> 139180.61
C40: Aprobó: | G40: Total Costo Directo | H40: =+H21+H27+H32+H38 -> 153098.67
C43: OMAR ANTONIO ROMÁN HERRERA
C44: Secretario de Planeación, Obras Públicas y Medio Ambiente
C45: Municipio de La Apartada Córdoba (E)
C46: Mediante Resolución N°. 286 de 08 de septiembre de 2026
B57: ANALISIS DE PRECIOS UNITARIOS A.P.U.
B58: =+PRESUPUESTO!B1 -> MANTENIMIENTO Y ADECUACIÓN DE INSTITUCIONES EDUCATIVAS OFICIALES, DEL MUNICIPIO DE LA APARTADA CORDOBA.
B61: =+PRESUPUESTO!C6 -> DESMONTE DE PUERTA DE BAÑO DE UNIDAD SANITARIA EN MAL ESTADO. 0.68 MTS X 1.80 MTS, INCLUYE DESMONTE DE MARCO | G61: UND:
B64: ITEM | C64: =+PRESUPUESTO!B6 -> 1.2
B65: I. EQUIPO
B66: Descripción | D66: Tipo | E66: Tarifa/Hora | F66: Rendimiento | G66: Valor-Unit. | H66: Valor Total
B67: Herramienta menor | F67: 0.1 | G67: =+H87 -> 111344.48 | H67: =+F67*G67 -> 11134.448
G70: Sub-Total | H70: =SUM(H67:H69) -> 11134.448
B71: II. MATERIALES EN OBRA
B72: Descripción | D72: Unidad | E72: Cantidad | F72: Precio unitario | G72: Valor-unit | H72: Valor Total
G76: Sub-Total | H76: =SUM(H73:H75) -> 0
B77: III. TRANSPORTES
B78: Descripción | D78: Tipo | E78: Distancia | F78: Tarifa | G78: Valor-Unit. | H78: Valor Total
G79: =+E79*F79 -> 0 | H79: =+G79 -> 0
G81: Sub-Total | H81: =+H79 -> 0
B82: IV. MANO DE OBRA
B83: Trabajador | C83: Cantidad | D83: Jornal | E83: Prestaciones | F83: Jornal Total | G83: Rendimiento | H83: Valor-Unit.
B84: Oficial | C84: 1 | D84: 93381.6 | E84: 1.8344 | F84: =+D84*C84*E84 -> 171299.21 | G84: 2.5 | H84: =F84/G84 -> 68519.683
B85: ayudante | C85: 1 | D85: 58363.5 | E85: 1.8344 | F85: =+D85*C85*E85 -> 107062 | G85: 2.5 | H85: =+F85/G85 -> 42824.802
G87: Sub-Total | H87: =+SUM(H84:H86) -> 111344.48
C89: Aprobó: | G89: Total Costo Directo | H89: =+H70+H76+H81+H87 -> 122478.93
C92: OMAR ANTONIO ROMÁN HERRERA
C93: Secretario de Planeación, Obras Públicas y Medio Ambiente
C94: Municipio de La Apartada Córdoba (E)
C95: Mediante Resolución N°. 286 de 08 de septiembre de 2026
B109: ANALISIS DE PRECIOS UNITARIOS A.P.U.
B110: =+PRESUPUESTO!B1 -> MANTENIMIENTO Y ADECUACIÓN DE INSTITUCIONES EDUCATIVAS OFICIALES, DEL MUNICIPIO DE LA APARTADA CORDOBA.
B113: =+PRESUPUESTO!C7 -> DESMONTE DE PUERTAS DE ACCESO EN MAL ESTADO DE CUARTO DE ALMACEN, 0.70 MTS X 2.40 MTS, INLUYE DESMONTE DE MARCOS. | G113: UND:
B116: ITEM | C116: =+PRESUPUESTO!B7 -> 1.3
B117: I. EQUIPO
B118: Descripción | D118: Tipo | E118: Tarifa/Hora | F118: Rendimiento | G118: Valor-Unit. | H118: Valor Total
B119: Herramienta menor | F119: 0.1 | G119: =+H139 -> 139180.61 | H119: =+F119*G119 -> 13918.061
G122: Sub-Total | H122: =SUM(H119:H121) -> 13918.061
B123: II. MATERIALES EN OBRA
B124: Descripción | D124: Unidad | E124: Cantidad | F124: Precio unitario | G124: Valor-unit | H124: Valor Total
G128: Sub-Total | H128: =SUM(H125:H127) -> 0
B129: III. TRANSPORTES
B130: Descripción | D130: Tipo | E130: Distancia | F130: Tarifa | G130: Valor-Unit. | H130: Valor Total
G131: =+E131*F131 -> 0 | H131: =+G131 -> 0
G133: Sub-Total | H133: =+H131 -> 0
B134: IV. MANO DE OBRA
B135: Trabajador | C135: Cantidad | D135: Jornal | E135: Prestaciones | F135: Jornal Total | G135: Rendimiento | H135: Valor-Unit.
B136: Oficial | C136: 1 | D136: 93381.6 | E136: 1.8344 | F136: =+D136*C136*E136 -> 171299.21 | G136: 2 | H136: =F136/G136 -> 85649.604
B137: ayudante | C137: 1 | D137: 58363.5 | E137: 1.8344 | F137: =+D137*C137*E137 -> 107062 | G137: 2 | H137: =+F137/G137 -> 53531.002
G139: Sub-Total | H139: =+SUM(H136:H138) -> 139180.61
C141: Aprobó: | G141: Total Costo Directo | H141: =+H122+H128+H133+H139 -> 153098.67
C144: OMAR ANTONIO ROMÁN HERRERA
C145: Secretario de Planeación, Obras Públicas y Medio Ambiente
C146: Municipio de La Apartada Córdoba (E)
C147: Mediante Resolución N°. 286 de 08 de septiembre de 2026
B158: ANALISIS DE PRECIOS UNITARIOS A.P.U.
B159: =+PRESUPUESTO!B1 -> MANTENIMIENTO Y ADECUACIÓN DE INSTITUCIONES EDUCATIVAS OFICIALES, DEL MUNICIPIO DE LA APARTADA CORDOBA.
B162: =+PRESUPUESTO!C8 -> S/I DE PUERTA GALVANIZADA CALIBRE 20, EN MARCO DE TUBOS DE 1.0 MTS X 2.40 MTS, PARA ACCESO UNIDAD SANITARIA Y CUARTO DE ALMACEN | G162: UND: UND
B165: ITEM | C165: =+PRESUPUESTO!B8 -> 1.4
B166: I. EQUIPO
B167: Descripción | D167: Tipo | E167: Tarifa/Hora | F167: Rendimiento | G167: Valor-Unit. | H167: Valor Total
B168: Herramienta menor | F168: 0.1 | G168: =+H189 -> 77084.643 | H168: =+F168*G168 -> 7708.4643
G171: Sub-Total | H171: =SUM(H168:H170) -> 7708.4643
B172: II. MATERIALES EN OBRA
B173: Descripción | D173: Unidad | E173: Cantidad | F173: Precio unitario | G173: Valor-unit | H173: Valor Total
B174: Puerta el lamina Galvanizada Calibre 20, en marco de tubos 2.40 mts x 1.0 mts. | D174: und | E174: 1 | F174: 1350000 | G174: =+E174*F174 -> 1350000 | H174: =+G174 -> 1350000
G178: Sub-Total | H178: =SUM(H174:H177) -> 1350000
B179: III. TRANSPORTES
B180: Descripción | D180: Tipo | E180: Distancia | F180: Tarifa | G180: Valor-Unit. | H180: Valor Total
B181: Camion turbo | D181: C2P | E181: 3 | F181: 7070 | G181: =+E181*F181 -> 21210 | H181: =+G181 -> 21210
G183: Sub-Total | H183: =+H181 -> 21210
B184: IV. MANO DE OBRA
B185: Trabajador | C185: Cantidad | D185: Jornal | E185: Prestaciones | F185: Jornal Total | G185: Rendimiento | H185: Valor-Unit.
B186: Oficial | C186: 1 | D186: 93381.6 | E186: 1.8344 | F186: =+D186*C186*E186 -> 171299.21 | G186: 5 | H186: =F186/G186 -> 34259.841
B187: ayudante | C187: 2 | D187: 58363.5 | E187: 1.8344 | F187: =+D187*C187*E187 -> 214124.01 | G187: 5 | H187: =+F187/G187 -> 42824.802
G189: Sub-Total | H189: =+SUM(H186:H188) -> 77084.643
C191: Aprobó: | G191: Total Costo Directo | H191: =+H171+H178+H183+H189 -> 1456003.1
C194: OMAR ANTONIO ROMÁN HERRERA
C195: Secretario de Planeación, Obras Públicas y Medio Ambiente
C196: Municipio de La Apartada Córdoba (E)
...

Sheet 2. APU INST INDAPAZ 24 NOV
B8: ANALISIS DE PRECIOS UNITARIOS A.P.U.
B9: =+PRESUPUESTO!B1 -> MANTENIMIENTO Y ADECUACIÓN DE INSTITUCIONES EDUCATIVAS OFICIALES, DEL MUNICIPIO DE LA APARTADA CORDOBA.
B12: =+PRESUPUESTO!C5 -> DESMONTE DE PUERTA GALVANIZADA DE ACCCESO A UNIDAD SANITARIA, 1.0 MTS X 2.40 MTS, INLCUYE DESMONTE DE MARCO | G12: UND: und
B15: ITEM | C15: =+PRESUPUESTO!B21 -> 2.1
B16: I. EQUIPO
B17: Descripción | D17: Tipo | E17: Tarifa/Hora | F17: Rendimiento | G17: Valor-Unit. | H17: Valor Total
B18: Herramienta menor | F18: 0.1 | G18: =+H38 -> 139180.61 | H18: =+F18*G18 -> 13918.061
G21: Sub-Total | H21: =SUM(H18:H20) -> 13918.061
B22: II. MATERIALES EN OBRA
B23: Descripción | D23: Unidad | E23: Cantidad | F23: Precio unitario | G23: Valor-unit | H23: Valor Total
G27: Sub-Total | H27: =SUM(H24:H26) -> 0
B28: III. TRANSPORTES
B29: Descripción | D29: Tipo | E29: Distancia | F29: Tarifa | G29: Valor-Unit. | H29: Valor Total
G30: =+E30*F30 -> 0 | H30: =+G30 -> 0
G32: Sub-Total | H32: =+H30 -> 0
B33: IV. MANO DE OBRA
B34: Trabajador | C34: Cantidad | D34: Jornal | E34: Prestaciones | F34: Jornal Total | G34: Rendimiento | H34: Valor-Unit.
B35: Oficial | C35: 1 | D35: 93381.6 | E35: 1.8344 | F35: =+D35*C35*E35 -> 171299.21 | G35: 2 | H35: =F35/G35 -> 85649.604
B36: ayudante | C36: 1 | D36: 58363.5 | E36: 1.8344 | F36: =+D36*C36*E36 -> 107062 | G36: 2 | H36: =+F36/G36 -> 53531.002
G38: Sub-Total | H38: =+SUM(H35:H37) -> 139180.61
C40: Aprobó: | G40: Total Costo Directo | H40: =+H21+H27+H32+H38 -> 153098.67
C43: OMAR ANTONIO ROMÁN HERRERA
C44: Secretario de Planeación, Obras Públicas y Medio Ambiente
C45: Municipio de La Apartada Córdoba (E)
C46: Mediante Resolución N°. 286 de 08 de septiembre de 2026
B59: ANALISIS DE PRECIOS UNITARIOS A.P.U.
B60: =+PRESUPUESTO!B1 -> MANTENIMIENTO Y ADECUACIÓN DE INSTITUCIONES EDUCATIVAS OFICIALES, DEL MUNICIPIO DE LA APARTADA CORDOBA.
B63: =+PRESUPUESTO!C22 -> DESMONTE DE PUERTA DE BAÑO DE UNIDAD SANITARIA EN MAL ESTADO. 0.68 MTS X 1.80 MTS, INCLUYE DESMONTE DE MARCO | G63: UND: und
B66: ITEM | C66: =+PRESUPUESTO!B22 -> 2.2
B67: I. EQUIPO
B68: Descripción | D68: Tipo | E68: Tarifa/Hora | F68: Rendimiento | G68: Valor-Unit. | H68: Valor Total
B69: Herramienta menor | F69: 0.1 | G69: =+H89 -> 111344.48 | H69: =+F69*G69 -> 11134.448
G72: Sub-Total | H72: =SUM(H69:H71) -> 11134.448
B73: II. MATERIALES EN OBRA
B74: Descripción | D74: Unidad | E74: Cantidad | F74: Precio unitario | G74: Valor-unit | H74: Valor Total
G78: Sub-Total | H78: =SUM(H75:H77) -> 0
B79: III. TRANSPORTES
B80: Descripción | D80: Tipo | E80: Distancia | F80: Tarifa | G80: Valor-Unit. | H80: Valor Total
G81: =+E81*F81 -> 0 | H81: =+G81 -> 0
G83: Sub-Total | H83: =+H81 -> 0
B84: IV. MANO DE OBRA
B85: Trabajador | C85: Cantidad | D85: Jornal | E85: Prestaciones | F85: Jornal Total | G85: Rendimiento | H85: Valor-Unit.
B86: Oficial | C86: 1 | D86: 93381.6 | E86: 1.8344 | F86: =+D86*C86*E86 -> 171299.21 | G86: 2.5 | H86: =F86/G86 -> 68519.683
B87: ayudante | C87: 1 | D87: 58363.5 | E87: 1.8344 | F87: =+D87*C87*E87 -> 107062 | G87: 2.5 | H87: =+F87/G87 -> 42824.802
G89: Sub-Total | H89: =+SUM(H86:H88) -> 111344.48
C91: Aprobó: | G91: Total Costo Directo | H91: =+H72+H78+H83+H89 -> 122478.93
C94: OMAR ANTONIO ROMÁN HERRERA
C95: Secretario de Planeación, Obras Públicas y Medio Ambiente
C96: Municipio de La Apartada Córdoba (E)
C97: Mediante Resolución N°. 286 de 08 de septiembre de 2026
B112: ANALISIS DE PRECIOS UNITARIOS A.P.U.
B113: =+PRESUPUESTO!B1 -> MANTENIMIENTO Y ADECUACIÓN DE INSTITUCIONES EDUCATIVAS OFICIALES, DEL MUNICIPIO DE LA APARTADA CORDOBA.
B116: =+PRESUPUESTO!C23 -> S/I DE PUERTAS GALVANIZADAS CALIBRE 20, EN MARCO DE TUBOS DE 1.0 MTS X 2.40 MTS, PARA ACCESO UNIDAD SANITARIA. | G116: UND: UND
B119: ITEM | C119: =+PRESUPUESTO!B23 -> 2.3
B120: I. EQUIPO
B121: Descripción | D121: Tipo | E121: Tarifa/Hora | F121: Rendimiento | G121: Valor-Unit. | H121: Valor Total
B122: Herramienta menor | F122: 0.1 | G122: =+H143 -> 77084.643 | H122: =+F122*G122 -> 7708.4643
G125: Sub-Total | H125: =SUM(H122:H124) -> 7708.4643
B126: II. MATERIALES EN OBRA
B127: Descripción | D127: Unidad | E127: Cantidad | F127: Precio unitario | G127: Valor-unit | H127: Valor Total
B128: Puerta el lamina Galvanizada Calibre 20, en marco de tubos 2.40 mts x 1.0 mts. | D128: und | E128: 1 | F128: 1350000 | G128: =+E128*F128 -> 1350000 | H128: =+G128 -> 1350000
G132: Sub-Total | H132: =SUM(H128:H131) -> 1350000
B133: III. TRANSPORTES
B134: Descripción | D134: Tipo | E134: Distancia | F134: Tarifa | G134: Valor-Unit. | H134: Valor Total
B135: Camion turbo | D135: C2P | E135: 1 | F135: 7070 | G135: =+E135*F135 -> 7070 | H135: =+G135 -> 7070
G137: Sub-Total | H137: =+H135 -> 7070
B138: IV. MANO DE OBRA
B139: Trabajador | C139: Cantidad | D139: Jornal | E139: Prestaciones | F139: Jornal Total | G139: Rendimiento | H139: Valor-Unit.
B140: Oficial | C140: 1 | D140: 93381.6 | E140: 1.8344 | F140: =+D140*C140*E140 -> 171299.21 | G140: 5 | H140: =F140/G140 -> 34259.841
B141: ayudante | C141: 2 | D141: 58363.5 | E141: 1.8344 | F141: =+D141*C141*E141 -> 214124.01 | G141: 5 | H141: =+F141/G141 -> 42824.802
G143: Sub-Total | H143: =+SUM(H140:H142) -> 77084.643
C145: Aprobó: | G145: Total Costo Directo | H145: =+H125+H132+H137+H143 -> 1441863.1
C148: OMAR ANTONIO ROMÁN HERRERA
C149: Secretario de Planeación, Obras Públicas y Medio Ambiente
C150: Municipio de La Apartada Córdoba (E)
C151: Mediante Resolución N°. 286 de 08 de septiembre de 2026
B164: ANALISIS DE PRECIOS UNITARIOS A.P.U.
B165: =+PRESUPUESTO!B1 -> MANTENIMIENTO Y ADECUACIÓN DE INSTITUCIONES EDUCATIVAS OFICIALES, DEL MUNICIPIO DE LA APARTADA CORDOBA.
B168: =+PRESUPUESTO!C24 -> S/I DE PUERTA GALVANIZADA CALIBRE 20, EN MARCO DE TUBOS DE 0.70 MTS X 1.80 MTS | G168: UND: UND
B171: ITEM | C171: =+PRESUPUESTO!B24 -> 2.4
B172: I. EQUIPO
B173: Descripción | D173: Tipo | E173: Tarifa/Hora | F173: Rendimiento | G173: Valor-Unit. | H173: Valor Total
B174: Herramienta menor | F174: 0.1 | G174: =+H195 -> 64237.203 | H174: =+G174*F174 -> 6423.7203
G177: Sub-Total | H177: =SUM(H174:H176) -> 6423.7203
B178: II. MATERIALES EN OBRA
B179: Descripción | D179: Unidad | E179: Cantidad | F179: Precio unitario | G179: Valor-unit | H179: Valor Total
B180: Puerta el lamina Galvanizada Calibre 20, en marco de tubos 1.80 mts x 0.70 mts. | D180: und | E180: 1 | F180: 850000 | G180: =+E180*F180 -> 850000 | H180: =+G180 -> 850000
G184: Sub-Total | H184: =SUM(H180:H183) -> 850000
B185: III. TRANSPORTES
B186: Descripción | D186: Tipo | E186: Distancia | F186: Tarifa | G186: Valor-Unit. | H186: Valor Total
B187: Camion turbo | D187: C2P | E187: 1 | F187: 7070 | G187: =+E187*F187 -> 7070 | H187: =+G187 -> 7070
G189: Sub-Total | H189: =+H187 -> 7070
B190: IV. MANO DE OBRA
B191: Trabajador | C191: Cantidad | D191: Jornal | E191: Prestaciones | F191: Jornal Total | G191: Rendimiento | H191: Valor-Unit.
B192: Oficial | C192: 1 | D192: 93381.6 | E192: 1.8344 | F192: =+D192*C192*E192 -> 171299.21 | G192: 6 | H192: =F192/G192 -> 28549.868
B193: ayudante | C193: 2 | D193: 58363.5 | E193: 1.8344 | F193: =+D193*C193*E193 -> 214124.01 | G193: 6 | H193: =+F193/G193 -> 35687.335
G195: Sub-Total | H195: =+SUM(H192:H194) -> 64237.203
C197: Aprobó: | G197: Total Costo Directo | H197: =+H177+H184+H189+H195 -> 927730.92
C200: OMAR ANTONIO ROMÁN HERRERA
C201: Secretario de Planeación, Obras Públicas y Medio Ambiente
...

Sheet 3. APU INST INDAPAZ PRINCIPAL
B8: ANALISIS DE PRECIOS UNITARIOS A.P.U.
B9: =+PRESUPUESTO!B1 -> MANTENIMIENTO Y ADECUACIÓN DE INSTITUCIONES EDUCATIVAS OFICIALES, DEL MUNICIPIO DE LA APARTADA CORDOBA.
B12: =+PRESUPUESTO!C31 -> S/I DE CIELO RASO EN LAMINA PVC, PARA AULAS ESCOLARES | G12: UND: M2
B15: ITEM | C15: =+PRESUPUESTO!B30 -> 3.1
B16: I. EQUIPO
B17: Descripción | D17: Tipo | E17: Tarifa/Hora | F17: Rendimiento | G17: Valor-Unit. | H17: Valor Total
B18: Herramienta menor | F18: 0.1 | G18: =+H46 -> 18833.365 | H18: =+F18*G18 -> 1883.3365
B19: Andamios tijera 1.50,*30 mts | E19: 4200 | F19: 5 | G19: =+E19/F19 -> 840 | H19: =+G19 -> 840
B20: Plataforma Met para andamios | E20: 4600 | F20: 5 | G20: =+E20/F20 -> 920 | H20: =+G20 -> 920
G21: Sub-Total | H21: =SUM(H18:H20) -> 3643.3365
B22: II. MATERIALES EN OBRA
B23: Descripción | D23: Unidad | E23: Precio-Unit. | F23: Cantidad | G23: Valor-Unit. | H23: Valor Total
D24: =+IF(B24=0,"",(VLOOKUP(B24,[7]MATERIALES!$B$6:$D$149,3,FALSE))) | G24: =E24*F24 -> 0 | H24: =G24 -> 0
B25: ANGULO 30 X 20 MM CAL 26 | D25: UND | E25: 3650 | F25: 0.35 | G25: =E25*F25 -> 1277.5 | H25: =G25 -> 1277.5
B26: CHAZOS | D26: UND | E26: 500 | F26: 5 | G26: =E26*F26 -> 2500 | H26: =G26 -> 2500
B27: OMEGA CON REBORDE CAL 26 X 2.44 | D27: UND | E27: 5200 | F27: 1.8 | G27: =E27*F27 -> 9360 | H27: =G27 -> 9360
B28: ALAMBRE GALVANIZADO | D28: KG | E28: 15600 | F28: 0.07 | G28: =E28*F28 -> 1092 | H28: =G28 -> 1092
B29: PERFIL TIPO J 2.90 m | D29: UND | E29: 7900 | F29: 0.35 | G29: =E29*F29 -> 2765 | H29: =G29 -> 2765
B30: LAMINA PVC 2.90m X 0.30m E7mm | D30: UND | E30: =(79692)/4 -> 19923 | F30: 1.2 | G30: =E30*F30 -> 23907.6 | H30: =G30 -> 23907.6
B31: TORNILLO AUTO PERFORANTES | D31: UND | E31: 200 | F31: 20 | G31: =E31*F31 -> 4000 | H31: =G31 -> 4000
B33: Desperdicio | D33: % | E33: =+SUM(G25:G32) -> 44902.1 | F33: 0.05 | G33: =E33*F33 -> 2245.105 | H33: =G33 -> 2245.105
G35: Sub-Total | H35: =SUM(H24:H34) -> 47147.205
B36: III. TRANSPORTES
B37: Descripción | D37: Tipo | E37: Distancia | F37: Tarifa/M2 | G37: Valor-Unit. | H37: Valor Total
B38: camion turbo | D38: C2P | E38: 1 | F38: 1731.83 | G38: =+E38*F38 -> 1731.83 | H38: =+G38 -> 1731.83
G40: Sub-Total | H40: =SUM(H38:H39) -> 1731.83
B41: IV. MANO DE OBRA
B42: Trabajador | C42: Cantidad | D42: Jornal | E42: Prestaciones | F42: Jornal Total | G42: Rendimiento | H42: Valor-Unit.
B43: Oficial | C43: 1 | D43: =+'2. APU INST INDAPAZ 24 NOV'!D552 -> 93381.6 | E43: 1.8344 | F43: =+D43*C43*E43 -> 171299.21 | G43: 14.780216 | H43: =F43/G43 -> 11589.763
B44: ayudante | C44: 1 | D44: =+'2. APU INST INDAPAZ 24 NOV'!D553 -> 58363.5 | E44: 1.8344 | F44: =+D44*C44*E44 -> 107062 | G44: =+G43 -> 14.780216 | H44: =+F44/G44 -> 7243.6021
G46: Sub-Total | H46: =+SUM(H43:H45) -> 18833.365
C48: Aprobó: | G48: Total Costo Directo | H48: =+H21+H35+H40+H46 -> 71355.737
C51: OMAR ANTONIO ROMÁN HERRERA
C52: Secretario de Planeación, Obras Públicas y Medio Ambiente
C53: Municipio de La Apartada Córdoba (E)
C54: Mediante Resolución N°. 286 de 08 de septiembre de 2026
B65: ANALISIS DE PRECIOS UNITARIOS A.P.U.
B66: =+PRESUPUESTO!B1 -> MANTENIMIENTO Y ADECUACIÓN DE INSTITUCIONES EDUCATIVAS OFICIALES, DEL MUNICIPIO DE LA APARTADA CORDOBA.
B69: =+PRESUPUESTO!C30 -> DESMONTE DE CIELO RASO EN LAMINA DE DRYWALL, EN MAL ESTADO. | G69: UND:
B72: ITEM | C72: =+PRESUPUESTO!B31 -> 3.2
B73: I. EQUIPO
B74: Descripción | D74: Tipo | E74: Tarifa/Hora | F74: Rendimiento | G74: Valor-Unit. | H74: Valor Total
B75: Herramienta menor | F75: 0.1 | G75: =+H95 -> 11012.092 | H75: =+F75*G75 -> 1101.2092
G78: Sub-Total | H78: =SUM(H75:H77) -> 1101.2092
B79: II. MATERIALES EN OBRA
B80: Descripción | D80: Unidad | E80: Cantidad | F80: Precio unitario | G80: Valor-unit | H80: Valor Total
G84: Sub-Total | H84: =SUM(H81:H83) -> 0
B85: III. TRANSPORTES
B86: Descripción | D86: Tipo | E86: Distancia | F86: Tarifa | G86: Valor-Unit. | H86: Valor Total
G87: =+E87*F87 -> 0 | H87: =+G87 -> 0
G89: Sub-Total | H89: =+H87 -> 0
B90: IV. MANO DE OBRA
B91: Trabajador | C91: Cantidad | D91: Jornal | E91: Prestaciones | F91: Jornal Total | G91: Rendimiento | H91: Valor-Unit.
B92: Oficial | C92: 1 | D92: 93381.6 | E92: 1.8344 | F92: =+D92*C92*E92 -> 171299.21 | G92: 35 | H92: =F92/G92 -> 4894.2631
B93: ayudante | C93: 2 | D93: 58363.5 | E93: 1.8344 | F93: =+D93*C93*E93 -> 214124.01 | G93: 35 | H93: =+F93/G93 -> 6117.8288
G95: Sub-Total | H95: =+SUM(H92:H94) -> 11012.092
C97: Aprobó: | G97: Total Costo Directo | H97: =+H78+H84+H89+H95 -> 12113.301
C100: OMAR ANTONIO ROMÁN HERRERA
C101: Secretario de Planeación, Obras Públicas y Medio Ambiente
C102: Municipio de La Apartada Córdoba (E)
C103: Mediante Resolución N°. 286 de 08 de septiembre de 2026

Sheet 4. APU INST SN PRINCIPAL
B8: ANALISIS DE PRECIOS UNITARIOS A.P.U.
B9: =+PRESUPUESTO!B1 -> MANTENIMIENTO Y ADECUACIÓN DE INSTITUCIONES EDUCATIVAS OFICIALES, DEL MUNICIPIO DE LA APARTADA CORDOBA.
B12: =+PRESUPUESTO!C34 -> DESMONTE DE CUBIERTA EN TEJA DE ETENIT EN MAL ESTADO, PARA COMEDOR. | G12: UND: M2
B15: ITEM | C15: =+PRESUPUESTO!B34 -> 4.1
B16: I. EQUIPO
B17: Descripción | D17: Tipo | E17: Tarifa/Hora | F17: Rendimiento | G17: Valor-Unit. | H17: Valor Total
B18: Herramienta menor | F18: 0.1 | G18: =+H38 -> 11134.448 | H18: =+F18*G18 -> 1113.4448
B19: Andamios tubulares | E19: 2850 | F19: 0.5 | G19: =+E19*F19 -> 1425 | H19: =+G19 -> 1425
G21: Sub-Total | H21: =SUM(H18:H20) -> 2538.4448
B22: II. MATERIALES EN OBRA
B23: Descripción | D23: Unidad | E23: Precio-Unit. | F23: Cantidad | G23: Valor-Unit. | H23: Valor Total
D24: =+IF(B24=0,"",(VLOOKUP(B24,[7]MATERIALES!$B$6:$D$149,3,FALSE))) | G24: =E24*F24 -> 0 | H24: =G24 -> 0
D25: =+IF(B25=0,"",(VLOOKUP(B25,[7]MATERIALES!$B$6:$D$149,3,FALSE))) | G25: =E25*F25 -> 0 | H25: =G25 -> 0
G27: Sub-Total | H27: =SUM(H24:H26) -> 0
B28: III. TRANSPORTES
B29: Descripción | D29: Tipo | E29: Distancia | F29: Tarifa | G29: Valor-Unit. | H29: Valor Total
G32: Sub-Total | H32: =SUM(H30:H31) -> 0
B33: IV. MANO DE OBRA
B34: Trabajador | C34: Cantidad | D34: Jornal | E34: Prestaciones | F34: Jornal Total | G34: Rendimiento | H34: Valor-Unit.
B35: Oficial | C35: 1 | D35: =+'2. APU INST INDAPAZ 24 NOV'!D552 -> 93381.6 | E35: 1.8344 | F35: =+D35*C35*E35 -> 171299.21 | G35: 25 | H35: =F35/G35 -> 6851.9683
B36: ayudante | C36: 1 | D36: =+'2. APU INST INDAPAZ 24 NOV'!D553 -> 58363.5 | E36: 1.8344 | F36: =+D36*C36*E36 -> 107062 | G36: 25 | H36: =+F36/G36 -> 4282.4802
G38: Sub-Total | H38: =+SUM(H35:H37) -> 11134.448
D40: Total Costo Directo | H40: =+H21+H27+H32+H38 -> 13672.893
C43: OMAR ANTONIO ROMÁN HERRERA
C44: Secretario de Planeación, Obras Públicas y Medio Ambiente
C45: Municipio de La Apartada Córdoba (E)
C46: Mediante Resolución N°. 286 de 08 de septiembre de 2026
B59: ANALISIS DE PRECIOS UNITARIOS A.P.U.
B60: =+PRESUPUESTO!B1 -> MANTENIMIENTO Y ADECUACIÓN DE INSTITUCIONES EDUCATIVAS OFICIALES, DEL MUNICIPIO DE LA APARTADA CORDOBA.
B63: =+PRESUPUESTO!C35 -> S/I DE TEJA ARQUITECTONICA TJ AZUL 1,01M X 6 M CAL 31 0,25MM, INCLUYE TODOS SUS ACCESORIOS PARA SU DEBIDA INSTALACIÓN. | G63: UND: M2
B66: ITEM | C66: =+PRESUPUESTO!B35 -> 4.2
B67: I. EQUIPO
B68: Descripción | D68: Tipo | E68: Tarifa/Hora | F68: Rendimiento | G68: Valor-Unit. | H68: Valor Total
B69: Herramienta menor | F69: 0.1 | G69: =+H94 -> 19271.161 | H69: =+F69*G69 -> 1927.1161
G72: Sub-Total | H72: =SUM(H69:H71) -> 1927.1161
B73: II. MATERIALES EN OBRA
B74: Descripción | D74: Unidad | E74: Precio-Unit. | F74: Cantidad | G74: Valor-Unit. | H74: Valor Total
B75: teja arquitectonica TJ Azul 1,01m x 6 m Cal 31 0,25mm | D75: m2 | E75: 22350 | F75: 1 | G75: =E75*F75 -> 22350 | H75: =G75 -> 22350
B76: Tornillo autoperforante con arandela | D76: und | E76: 1750 | F76: 6 | G76: =E76*F76 -> 10500 | H76: =G76 -> 10500
B77: Cinta butilica impermeabilizante | D77: ml | E77: 3500 | F77: 2 | G77: =E77*F77 -> 7000 | H77: =G77 -> 7000
B78: Espuma cierre de onda | D78: und | E78: 7500 | F78: 0.33 | G78: =E78*F78 -> 2475 | H78: =G78 -> 2475
B81: desperdicio | D81: % | E81: =+SUM(G75:G78) -> 42325 | F81: 0.05 | G81: =E81*F81 -> 2116.25 | H81: =G81 -> 2116.25
G83: Sub-Total | H83: =SUM(H75:H82) -> 44441.25
B84: III. TRANSPORTES
B85: Descripción | D85: Tipo | E85: Distancia | F85: Tarifa m2/km | G85: Valor-Unit. | H85: Valor Total
B86: camion turbo | D86: c2p | E86: 6 | F86: 2000 | G86: =+E86*F86 -> 12000 | H86: =+G86 -> 12000
G88: Sub-Total | H88: =SUM(H86:H87) -> 12000
B89: IV. MANO DE OBRA
B90: Trabajador | C90: Cantidad | D90: Jornal | E90: Prestaciones | F90: Jornal Total | G90: Rendimiento | H90: Valor-Unit.
B91: Oficial | C91: 1 | D91: 93381.6 | E91: 1.8344 | F91: =+D91*C91*E91 -> 171299.21 | G91: 20 | H91: =F91/G91 -> 8564.9604
B92: ayudante | C92: 2 | D92: 58363.5 | E92: 1.8344 | F92: =+D92*C92*E92 -> 214124.01 | G92: =+G91 -> 20 | H92: =+F92/G92 -> 10706.2
G94: Sub-Total | H94: =+SUM(H91:H93) -> 19271.161
D96: Total Costo Directo | H96: =+H72+H83+H88+H94 -> 77639.527
C99: OMAR ANTONIO ROMÁN HERRERA
C100: Secretario de Planeación, Obras Públicas y Medio Ambiente
C101: Municipio de La Apartada Córdoba (E)
C102: Mediante Resolución N°. 286 de 08 de septiembre de 2026
B117: ANALISIS DE PRECIOS UNITARIOS A.P.U.
B118: =+PRESUPUESTO!B1 -> MANTENIMIENTO Y ADECUACIÓN DE INSTITUCIONES EDUCATIVAS OFICIALES, DEL MUNICIPIO DE LA APARTADA CORDOBA.
B121: =+PRESUPUESTO!C36 -> S/I DE CABALLETE AZUL 0,40X0,107M KLAR U PVC | G121: UND: ML
B124: ITEM | C124: =+PRESUPUESTO!B36 -> 4.3
B125: I. EQUIPO
B126: Descripción | D126: Tipo | E126: Tarifa/Hora | F126: Rendimiento | G126: Valor-Unit. | H126: Valor Total
B127: Herramienta menor | F127: 0.1 | G127: =+H149 -> 13918.061 | H127: =+F127*G127 -> 1391.8061
G130: Sub-Total | H130: =SUM(H127:H129) -> 1391.8061
B131: II. MATERIALES EN OBRA
B132: Descripción | D132: Unidad | E132: Precio-Unit. | F132: Cantidad | G132: Valor-Unit. | H132: Valor Total
B133: Caballete Azul 0,40x0,107m Klar U pvc | D133: ml | E133: 52400 | F133: 1 | G133: =+E133*F133 -> 52400 | H133: =+G133 -> 52400
B134: Tornillo autoperforante con arandela | D134: und | E134: 1750 | F134: 4 | G134: =E134*F134 -> 7000 | H134: =G134 -> 7000
B135: Cinta butilica impermeabilizante | D135: ml | E135: 3500 | F135: 2 | G135: =E135*F135 -> 7000 | H135: =G135 -> 7000
B136: Espuma cierre de onda | D136: und | E136: 7500 | F136: 0.25 | G136: =E136*F136 -> 1875 | H136: =G136 -> 1875
G138: Sub-Total | H138: =SUM(H133:H137) -> 68275
B139: III. TRANSPORTES
B140: Descripción | D140: Tipo | E140: Distancia | F140: Tarifa KM | G140: Valor-Unit. | H140: Valor Total
B141: camion turbo | D141: c2p | E141: 6 | F141: 1500 | G141: =+E141*F141 -> 9000 | H141: =+G141 -> 9000
G143: Sub-Total | H143: =SUM(H141:H142) -> 9000
B144: IV. MANO DE OBRA
B145: Trabajador | C145: Cantidad | D145: Jornal | E145: Prestaciones | F145: Jornal Total | G145: Rendimiento | H145: Valor-Unit.
B146: Oficial | C146: 1 | D146: =+D91 -> 93381.6 | E146: 1.8344 | F146: =+D146*C146*E146 -> 171299.21 | G146: 20 | H146: =F146/G146 -> 8564.9604
B147: ayudante | C147: 1 | D147: =+D92 -> 58363.5 | E147: 1.8344 | F147: =+D147*C147*E147 -> 107062 | G147: 20 | H147: =+F147/G147 -> 5353.1002
G149: Sub-Total | H149: =+SUM(H146:H148) -> 13918.061
D151: Total Costo Directo | H151: =+H130+H138+H143+H149 -> 92584.867
C152: OMAR ANTONIO ROMÁN HERRERA
C153: Secretario de Planeación, Obras Públicas y Medio Ambiente
C154: Municipio de La Apartada Córdoba (E)
C155: Mediante Resolución N°. 286 de 08 de septiembre de 2026
B169: ANALISIS DE PRECIOS UNITARIOS A.P.U.
B170: =+PRESUPUESTO!B1 -> MANTENIMIENTO Y ADECUACIÓN DE INSTITUCIONES EDUCATIVAS OFICIALES, DEL MUNICIPIO DE LA APARTADA CORDOBA.
B173: =+PRESUPUESTO!C37 -> S/I DE CIELO RASO EN LAMINA PVC, EN COMEDOR Y AULAS | G173: UND: M2
B176: ITEM | C176: =+PRESUPUESTO!B37 -> 4.4
B177: I. EQUIPO
B178: Descripción | D178: Tipo | E178: Tarifa/Hora | F178: Rendimiento | G178: Valor-Unit. | H178: Valor Total
B179: Herramienta menor | F179: 0.1 | G179: =+H207 -> 17397.576 | H179: =+F179*G179 -> 1739.7576
B180: Andamios tijera 1.50,*30 mts | E180: 4200 | F180: 5 | G180: =+E180/F180 -> 840 | H180: =+G180 -> 840
B181: Plataforma Met para andamios | E181: 4600 | F181: 5 | G181: =+E181/F181 -> 920 | H181: =+G181 -> 920
G182: Sub-Total | H182: =SUM(H179:H181) -> 3499.7576
B183: II. MATERIALES EN OBRA
B184: Descripción | D184: Unidad | E184: Precio-Unit. | F184: Cantidad | G184: Valor-Unit. | H184: Valor Total
D185: =+IF(B185=0,"",(VLOOKUP(B185,[7]MATERIALES!$B$6:$D$149,3,FALSE))) | G185: =E185*F185 -> 0 | H185: =G185 -> 0
B186: ANGULO 30 X 20 MM CAL 26 | D186: UND | E186: 3650 | F186: 0.35 | G186: =E186*F186 -> 1277.5 | H186: =G186 -> 1277.5
...

Sheet 5. APU INST SN LAS MARGARITAS
B8: ANALISIS DE PRECIOS UNITARIOS A.P.U.
B9: =+PRESUPUESTO!B1 -> MANTENIMIENTO Y ADECUACIÓN DE INSTITUCIONES EDUCATIVAS OFICIALES, DEL MUNICIPIO DE LA APARTADA CORDOBA.
B12: =+PRESUPUESTO!C46 -> S/I DE CIELO RASO EN LAMINA PVC, COMEDOR | G12: UND: M2
B15: ITEM | C15: =+PRESUPUESTO!B46 -> 5.1
B16: I. EQUIPO
B17: Descripción | D17: Tipo | E17: Tarifa/Hora | F17: Rendimiento | G17: Valor-Unit. | H17: Valor Total
B18: Herramienta menor | F18: 0.1 | G18: =+H46 -> 17397.576 | H18: =+F18*G18 -> 1739.7576
B19: Andamios tijera 1.50,*30 mts | E19: 4200 | F19: 5 | G19: =+E19/F19 -> 840 | H19: =+G19 -> 840
B20: Plataforma Met para andamios | E20: 4600 | F20: 5 | G20: =+E20/F20 -> 920 | H20: =+G20 -> 920
G21: Sub-Total | H21: =SUM(H18:H20) -> 3499.7576
B22: II. MATERIALES EN OBRA
B23: Descripción | D23: Unidad | E23: Precio-Unit. | F23: Cantidad | G23: Valor-Unit. | H23: Valor Total
D24: =+IF(B24=0,"",(VLOOKUP(B24,[7]MATERIALES!$B$6:$D$149,3,FALSE))) | G24: =E24*F24 -> 0 | H24: =G24 -> 0
B25: ANGULO 30 X 20 MM CAL 26 | D25: UND | E25: 3650 | F25: 0.35 | G25: =E25*F25 -> 1277.5 | H25: =G25 -> 1277.5
B26: CHAZOS | D26: UND | E26: 500 | F26: 5 | G26: =E26*F26 -> 2500 | H26: =G26 -> 2500
B27: OMEGA CON REBORDE CAL 26 X 2.44 | D27: UND | E27: 5200 | F27: 1.8 | G27: =E27*F27 -> 9360 | H27: =G27 -> 9360
B28: ALAMBRE GALVANIZADO | D28: KG | E28: 15600 | F28: 0.07 | G28: =E28*F28 -> 1092 | H28: =G28 -> 1092
B29: PERFIL TIPO J 2.90 m | D29: UND | E29: 7900 | F29: 0.35 | G29: =E29*F29 -> 2765 | H29: =G29 -> 2765
B30: LAMINA PVC 2.90m X 0.30m E7mm | D30: UND | E30: =(79692)/4 -> 19923 | F30: 1.2 | G30: =E30*F30 -> 23907.6 | H30: =G30 -> 23907.6
B31: TORNILLO AUTO PERFORANTES | D31: UND | E31: 200 | F31: 20 | G31: =E31*F31 -> 4000 | H31: =G31 -> 4000
B33: Desperdicio | D33: % | E33: =+SUM(G25:G32) -> 44902.1 | F33: 0.05 | G33: =E33*F33 -> 2245.105 | H33: =G33 -> 2245.105
G35: Sub-Total | H35: =SUM(H24:H34) -> 47147.205
B36: III. TRANSPORTES
B37: Descripción | D37: Tipo | E37: Distancia | F37: Tarifa/M2 | G37: Valor-Unit. | H37: Valor Total
B38: camion turbo | D38: C2P | E38: 12 | F38: 1500 | G38: =+E38*F38 -> 18000 | H38: =+G38 -> 18000
G40: Sub-Total | H40: =SUM(H38:H39) -> 18000
B41: IV. MANO DE OBRA
B42: Trabajador | C42: Cantidad | D42: Jornal | E42: Prestaciones | F42: Jornal Total | G42: Rendimiento | H42: Valor-Unit.
B43: Oficial | C43: 1 | D43: =+'4. APU INST SN PRINCIPAL'!D204 -> 93381.6 | E43: 1.8344 | F43: =+D43*C43*E43 -> 171299.21 | G43: 16 | H43: =F43/G43 -> 10706.2
B44: ayudante | C44: 1 | D44: =+'4. APU INST SN PRINCIPAL'!D205 -> 58363.5 | E44: 1.8344 | F44: =+D44*C44*E44 -> 107062 | G44: 16 | H44: =+F44/G44 -> 6691.3753
G46: Sub-Total | H46: =+SUM(H43:H45) -> 17397.576
C48: Aprobó: | G48: Total Costo Directo | H48: =+H21+H35+H40+H46 -> 86044.538
C51: OMAR ANTONIO ROMÁN HERRERA
C52: Secretario de Planeación, Obras Públicas y Medio Ambiente
C53: Municipio de La Apartada Córdoba (E)
C54: Mediante Resolución N°. 286 de 08 de septiembre de 2026
B61: ANALISIS DE PRECIOS UNITARIOS A.P.U.
B62: =+PRESUPUESTO!B1 -> MANTENIMIENTO Y ADECUACIÓN DE INSTITUCIONES EDUCATIVAS OFICIALES, DEL MUNICIPIO DE LA APARTADA CORDOBA.
B65: =+PRESUPUESTO!#REF! -> #REF! | G65: UND: M2
B68: ITEM
B69: I. EQUIPO
B70: Descripción | D70: Tipo | E70: Tarifa/Hora | F70: Rendimiento | G70: Valor-Unit. | H70: Valor Total
B71: Herramienta menor | F71: 0.1 | G71: =+H91 -> 2783.6121 | H71: =+F71*G71 -> 278.36121
G74: Sub-Total | H74: =SUM(H71:H73) -> 278.36121
B75: II. MATERIALES EN OBRA
B76: Descripción | D76: Unidad | E76: Precio-Unit. | F76: Cantidad | G76: Valor-Unit. | H76: Valor Total
B77: PINTURA VINILTEX | D77: =+IF(B77=0,"",(VLOOKUP(B77,[7]MATERIALES!$B$6:$D$149,3,FALSE))) -> Galón | E77: 93900 | F77: 0.083333333 | G77: =E77*F77 -> 7825 | H77: =G77 -> 7825
G78: =E78*F78 -> 0 | H78: =G78 -> 0
B79: Rodillo para pintar | D79: und | E79: 7500 | F79: 0.05 | G79: =E79*F79 -> 375 | H79: =G79 -> 375
G80: Sub-Total | H80: =SUM(H77:H79) -> 8200
B81: III. TRANSPORTES
B82: Descripción | D82: Tipo | E82: Distancia | F82: Tarifa | G82: Valor-Unit. | H82: Valor Total
G85: Sub-Total | H85: =SUM(H83:H84) -> 0
B86: IV. MANO DE OBRA
B87: Trabajador | C87: Cantidad | D87: Jornal | E87: Prestaciones | F87: Jornal Total | G87: Rendimiento | H87: Valor-Unit.
B88: Oficial | C88: 1 | D88: =+'4. APU INST SN PRINCIPAL'!D249 -> 93381.6 | E88: 1.8344 | F88: =+D88*C88*E88 -> 171299.21 | G88: 100 | H88: =F88/G88 -> 1712.9921
B89: ayudante | C89: 1 | D89: =+'4. APU INST SN PRINCIPAL'!D250 -> 58363.5 | E89: 1.8344 | F89: =+D89*C89*E89 -> 107062 | G89: 100 | H89: =+F89/G89 -> 1070.62
G91: Sub-Total | H91: =+SUM(H88:H90) -> 2783.6121
C93: Aprobó: | G93: Total Costo Directo | H93: =+H74+H80+H85+H91 -> 11261.973
C96: OMAR ANTONIO ROMÁN HERRERA
C97: Secretario de Planeación, Obras Públicas y Medio Ambiente
C98: Municipio de La Apartada Córdoba (E)
C99: Mediante Resolución N°. 286 de 08 de septiembre de 2026
B114: ANALISIS DE PRECIOS UNITARIOS A.P.U.
B115: =+PRESUPUESTO!B1 -> MANTENIMIENTO Y ADECUACIÓN DE INSTITUCIONES EDUCATIVAS OFICIALES, DEL MUNICIPIO DE LA APARTADA CORDOBA.
B118: =+PRESUPUESTO!C47 -> PINTURA PARA MUROS EXTERIORES TIPO KORAZA, PARA MURO PERIMETRAL | G118: UND: M2
B121: ITEM | C121: =+PRESUPUESTO!B47 -> 5.2
B122: I. EQUIPO
B123: Descripción | D123: Tipo | E123: Tarifa/Hora | F123: Rendimiento | G123: Valor-Unit. | H123: Valor Total
B124: Herramienta menor | F124: 0.1 | G124: =+H147 -> 6959.0303 | H124: =+F124*G124 -> 695.90303
G127: Sub-Total | H127: =SUM(H124:H126) -> 695.90303
B128: II. MATERIALES EN OBRA
B129: Descripción | D129: Unidad | E129: Precio-Unit. | F129: Cantidad | G129: Valor-Unit. | H129: Valor Total
B130: Pintura Pintuco Koraza Maxima Proteccion | D130: gal | E130: 145350 | F130: 0.125 | G130: =+F130*E130 -> 18168.75 | H130: =+G130 -> 18168.75
B131: Agua | D131: lts | E131: 150 | F131: 3 | G131: =+F131*E131 -> 450 | H131: =+G131 -> 450
B132: Rodillo para pintar | D132: und | E132: 7500 | F132: 0.05 | G132: =E132*F132 -> 375 | H132: =G132 -> 375
D133: =+IF(B133=0,"",(VLOOKUP(B133,[7]MATERIALES!$B$6:$D$149,3,FALSE))) | H133: =+G133 -> 0
B134: Desperdicio | D134: % | E134: =+SUM(G130:G132) -> 18993.75 | F134: 0.05 | G134: =E134*F134 -> 949.6875 | H134: =G134 -> 949.6875
G136: Sub-Total | H136: =SUM(H130:H135) -> 19943.438
B137: III. TRANSPORTES
B138: Descripción | D138: Tipo | E138: Distancia | F138: Tarifa | G138: Valor-Unit. | H138: Valor Total
G141: Sub-Total | H141: =SUM(H139:H140) -> 0
B142: IV. MANO DE OBRA
B143: Trabajador | C143: Cantidad | D143: Jornal | E143: Prestaciones | F143: Jornal Total | G143: Rendimiento | H143: Valor-Unit.
B144: Oficial | C144: 1 | D144: =+'4. APU INST SN PRINCIPAL'!D303 -> 93381.6 | E144: 1.8344 | F144: =+D144*C144*E144 -> 171299.21 | G144: 40 | H144: =F144/G144 -> 4282.4802
B145: ayudante | C145: 1 | D145: =+'4. APU INST SN PRINCIPAL'!D304 -> 58363.5 | E145: 1.8344 | F145: =+D145*C145*E145 -> 107062 | G145: 40 | H145: =+F145/G145 -> 2676.5501
G147: Sub-Total | H147: =+SUM(H144:H146) -> 6959.0303
C149: Aprobó: | G149: Total Costo Directo | H149: =+H127+H136+H141+H147 -> 27598.371
C152: OMAR ANTONIO ROMÁN HERRERA
C153: Secretario de Planeación, Obras Públicas y Medio Ambiente
C154: Municipio de La Apartada Córdoba (E)
C155: Mediante Resolución N°. 286 de 08 de septiembre de 2026
B166: ANALISIS DE PRECIOS UNITARIOS A.P.U.
B167: =+PRESUPUESTO!B1 -> MANTENIMIENTO Y ADECUACIÓN DE INSTITUCIONES EDUCATIVAS OFICIALES, DEL MUNICIPIO DE LA APARTADA CORDOBA.
B170: =+PRESUPUESTO!C48 -> S/I DE SANITARIOS CERÁMICO BLANCO, INCLUYE TODOS SUS ACCESORIOS, HASTA SU CORRECTO FUNCIONAMINETO. | G170: UND: UND
B173: ITEM | C173: =+ PRESUPUESTO!B48 -> 5.3
B174: I. EQUIPO
B175: Descripción | D175: Tipo | E175: Tarifa/Hora | F175: Rendimiento | G175: Valor-Unit. | H175: Valor Total
B176: Herramienta menor | F176: 0.1 | G176: =+H199 -> 96834.001 | H176: =+F176*G176 -> 9683.4001
G179: Sub-Total | H179: =SUM(H176:H178) -> 9683.4001
...

Sheet 6. APU INST SN M. AUXILIADORA
B8: ANALISIS DE PRECIOS UNITARIOS A.P.U.
B9: =+PRESUPUESTO!B1 -> MANTENIMIENTO Y ADECUACIÓN DE INSTITUCIONES EDUCATIVAS OFICIALES, DEL MUNICIPIO DE LA APARTADA CORDOBA.
B12: =+PRESUPUESTO!C51 -> EXCAVACIÓN MANUAL DE ZAPATA AISLADA (1.80 X MTS X 1.80 MTS X 1.50 MTS ) | G12: UND: M3
B15: ITEM | C15: =+PRESUPUESTO!B51 -> 6.1
B16: I. EQUIPO
B17: Descripción | D17: Tipo | E17: Tarifa/Hora | F17: Rendimiento | G17: Valor-Unit. | H17: Valor Total
B18: Herramienta menor | F18: 0.1 | G18: =+H38 -> 128474.41 | H18: =+F18*G18 -> 12847.441
G21: Sub-Total | H21: =SUM(H18:H20) -> 12847.441
B22: II. MATERIALES EN OBRA
B23: Descripción | D23: Unidad | E23: Cantidad | F23: Precio unitario | G23: Valor-unit | H23: Valor Total
G27: Sub-Total | H27: =SUM(H24:H26) -> 0
B28: III. TRANSPORTES
B29: Descripción | D29: Tipo | E29: Distancia | F29: Tarifa | G29: Valor-Unit. | H29: Valor Total
G30: =+E30*F30 -> 0 | H30: =+G30 -> 0
G32: Sub-Total | H32: =+H30 -> 0
B33: IV. MANO DE OBRA
B34: Trabajador | C34: Cantidad | D34: Jornal | E34: Prestaciones | F34: Jornal Total | G34: Rendimiento | H34: Valor-Unit.
B35: Oficial | C35: 1 | D35: 93381.6 | E35: 1.8344 | F35: =+D35*C35*E35 -> 171299.21 | G35: 3 | H35: =F35/G35 -> 57099.736
B36: ayudante | C36: 2 | D36: 58363.5 | E36: 1.8344 | F36: =+D36*C36*E36 -> 214124.01 | G36: 3 | H36: =+F36/G36 -> 71374.67
G38: Sub-Total | H38: =+SUM(H35:H37) -> 128474.41
C40: Aprobó: | G40: Total Costo Directo | H40: =+H21+H27+H32+H38 -> 141321.85
C43: OMAR ANTONIO ROMÁN HERRERA
C44: Secretario de Planeación, Obras Públicas y Medio Ambiente
C45: Municipio de La Apartada Córdoba (E)
C46: Mediante Resolución N°. 286 de 08 de septiembre de 2026
B60: ANALISIS DE PRECIOS UNITARIOS A.P.U.
B61: =+PRESUPUESTO!B1 -> MANTENIMIENTO Y ADECUACIÓN DE INSTITUCIONES EDUCATIVAS OFICIALES, DEL MUNICIPIO DE LA APARTADA CORDOBA.
B64: =+PRESUPUESTO!C52 -> CONSTRUCCION ZAPATA AISLADA DE (1.80 MTS X 1.80 MTS X 0.40 MTS) EN CONCRETO DE 3500 PSI, INCLUYE ACERO DE REFUERZO #4@0.15M EN AMBOS SENTIDOS, DESPLANTADA A 1,50 MTS. | G64: UND: UND
B67: ITEM | C67: =+PRESUPUESTO!B52 -> 6.2
B68: I. EQUIPO
B69: Descripción | D69: Tipo | E69: Tarifa/Hora | F69: Rendimiento | G69: Valor-Unit. | H69: Valor Total
B70: Herramienta menor | F70: 0.1 | G70: =+H96 -> 256948.81 | H70: =+F70*G70 -> 25694.881
B71: vibrador de concreto motor 2hp | E71: 10000 | F71: 3 | G71: =+E71/F71 -> 3333.3333 | H71: =+G71 -> 3333.3333
G73: Sub-Total | H73: =SUM(H70:H72) -> 29028.214
B74: II. MATERIALES EN OBRA
B75: Descripción | D75: Unidad | E75: Precio-Unit. | F75: Cantidad | G75: Valor-Unit. | H75: Valor Total | J75: =(1.8/0.15)*1.75*2 -> 42
B76: Acero de refuerzo 1/2" | D76: kg | E76: =(24300)/(1*6) -> 4050 | F76: =0.56*1*J75 -> 23.52 | G76: =+E76*F76 -> 95256 | H76: =+G76 -> 95256
B77: china | D77: m3 | E77: 90000 | F77: =+J80*0.67 -> 0.86832 | G77: =+E77*F77 -> 78148.8 | H77: =+G77 -> 78148.8
B78: arena | D78: m3 | E78: 55000 | F78: =+J80*0.67 -> 0.86832 | G78: =+E78*F78 -> 47757.6 | H78: =+G78 -> 47757.6
B79: cemento | D79: und | E79: 32000 | F79: =+(J80*420)/50 -> 10.8864 | G79: =+E79*F79 -> 348364.8 | H79: =+G79 -> 348364.8
B80: agua | D80: lts | E80: 150 | F80: =+J80*250 -> 324 | G80: =+E80*F80 -> 48600 | H80: =+G80 -> 48600 | J80: =1.8*1.8*0.4 -> 1.296
B81: Alambre negro | D81: kg | E81: 9500 | F81: 0.25 | G81: =+E81*F81 -> 2375 | H81: =+G81 -> 2375
D82: =+IF(B82=0,"",(VLOOKUP(B82,[7]MATERIALES!$B$6:$D$149,3,FALSE)))
B83: Desperdicio | D83: % | F83: 0.05 | G83: =+SUM(G76:G81) -> 620502.2 | H83: =G83*F83 -> 31025.11
G85: Sub-Total | H85: =+SUM(H76:H83) -> 651527.31
B86: III. TRANSPORTES
B87: Descripción | D87: Tipo | E87: Distancia | F87: Tarifa | G87: Valor-Unit. | H87: Valor Total
G90: Sub-Total | H90: =SUM(H88:H89) -> 0
B91: IV. MANO DE OBRA
B92: Trabajador | C92: Cantidad | D92: Jornal | E92: Prestaciones | F92: Jornal Total | G92: Rendimiento | H92: Valor-Unit.
B93: Oficial | C93: 1 | D93: =+D35 -> 93381.6 | E93: 1.8344 | F93: =+D93*C93*E93 -> 171299.21 | G93: 1.5 | H93: =F93/G93 -> 114199.47
B94: ayudante | C94: 2 | D94: =+D36 -> 58363.5 | E94: 1.8344 | F94: =+D94*C94*E94 -> 214124.01 | G94: 1.5 | H94: =+F94/G94 -> 142749.34
G96: Sub-Total | H96: =+SUM(H93:H95) -> 256948.81
D98: Total Costo Directo | H98: =+H73+H85+H90+H96 -> 937504.33
C99: Aprobó:
C102: OMAR ANTONIO ROMÁN HERRERA
C103: Secretario de Planeación, Obras Públicas y Medio Ambiente
C104: Municipio de La Apartada Córdoba (E)
C105: Mediante Resolución N°. 286 de 08 de septiembre de 2026
B121: ANALISIS DE PRECIOS UNITARIOS A.P.U.
B122: =+PRESUPUESTO!B1 -> MANTENIMIENTO Y ADECUACIÓN DE INSTITUCIONES EDUCATIVAS OFICIALES, DEL MUNICIPIO DE LA APARTADA CORDOBA.
B125: =+PRESUPUESTO!C53 -> CONSTRUCCION COLUMNA DE (0,30 MTS X 0.30 MTS X 5.50 MTS) EN CONCRETO DE 3500 PSI, INCLUYE ACERO DE REFUERZO: 8#5 LONGITUDINAL, E#3@0.10M. | G125: UND:
B128: ITEM | C128: =+PRESUPUESTO!B53 -> 6.3
B129: I. EQUIPO
B130: Descripción | D130: Tipo | E130: Tarifa/Hora | F130: Rendimiento | G130: Valor-Unit. | H130: Valor Total
B131: Herramienta menor | F131: 0.1 | G131: =+H159 -> 27530.23 | H131: =+F131*G131 -> 2753.023
B132: vibrador de concreto motor 2hp | E132: 10000 | F132: 3 | G132: =+E132/F132 -> 3333.3333 | H132: =+G132 -> 3333.3333
G134: Sub-Total | H134: =SUM(H131:H133) -> 6086.3563
B135: II. MATERIALES EN OBRA
B136: Descripción | D136: Unidad | E136: Precio-Unit. | F136: Cantidad | G136: Valor-Unit. | H136: Valor Total
B137: Acero de refuerzo 5/8" | D137: kg | E137: =(37450)/(1*6) -> 6241.6667 | F137: =8*1*1.552 -> 12.416 | G137: =+E137*F137 -> 77496.533 | H137: =+G137 -> 77496.533
B138: Acero de refuerzo 3/8" | D138: kg | E138: =14400/3.36 -> 4285.7143 | F138: =+((1/0.1)-1)*J145*0.56 -> 5.3928 | G138: =+E138*F138 -> 23112 | H138: =+G138 -> 23112 | J138: =1*0.3*0.3 -> 0.09
B139: china | D139: m3 | E139: 90000 | F139: =+J138*0.67 -> 0.0603 | G139: =+E139*F139 -> 5427 | H139: =+G139 -> 5427
B140: arena | D140: m3 | E140: 55000 | F140: =+J138*0.67 -> 0.0603 | G140: =+E140*F140 -> 3316.5 | H140: =+G140 -> 3316.5
B141: cemento | D141: und | E141: 32000 | F141: =+(J138*420)/50 -> 0.756 | G141: =+E141*F141 -> 24192 | H141: =+G141 -> 24192
B142: agua | D142: lts | E142: 150 | F142: =+J138*250 -> 22.5 | G142: =+E142*F142 -> 3375 | H142: =+G142 -> 3375
B143: Alambre negro | D143: kg | E143: 9500 | F143: 0.25 | G143: =+E143*F143 -> 2375 | H143: =+G143 -> 2375
B144: Tablas para encofrado | D144: glb | E144: 12000 | F144: 1 | G144: =+E144*F144 -> 12000 | H144: =+G144 -> 12000
B145: puntillas 2" | D145: kg | E145: 13500 | F145: 0.2 | G145: =+E145*F145 -> 2700 | H145: =+G145 -> 2700 | J145: =+(0.25*4)+0.07 -> 1.07
B146: Desperdicio | D146: % | E146: =+SUM(G137:G145) -> 153994.03 | F146: 0.05 | H146: =E146*F146 -> 7699.7017
G148: Sub-Total | H148: =SUM(H137:H147) -> 161693.74
B149: III. TRANSPORTES
B150: Descripción | D150: Tipo | E150: Distancia | F150: Tarifa | G150: Valor-Unit. | H150: Valor Total
G153: Sub-Total | H153: =SUM(H151:H152) -> 0
B154: IV. MANO DE OBRA
B155: Trabajador | C155: Cantidad | D155: Jornal | E155: Prestaciones | F155: Jornal Total | G155: Rendimiento | H155: Valor-Unit.
B156: Oficial | C156: 1 | D156: =+D93 -> 93381.6 | E156: 1.8344 | F156: =+D156*C156*E156 -> 171299.21 | G156: 14 | H156: =F156/G156 -> 12235.658
B157: ayudante | C157: 2 | D157: =+D94 -> 58363.5 | E157: 1.8344 | F157: =+D157*C157*E157 -> 214124.01 | G157: 14 | H157: =+F157/G157 -> 15294.572
G159: Sub-Total | H159: =+SUM(H156:H158) -> 27530.23
D161: Total Costo Directo | H161: =+H134+H148+H153+H159 -> 195310.32
C162: Aprobó:
C165: OMAR ANTONIO ROMÁN HERRERA
C166: Secretario de Planeación, Obras Públicas y Medio Ambiente
C167: Municipio de La Apartada Córdoba (E)
C168: Mediante Resolución N°. 286 de 08 de septiembre de 2026
B182: ANALISIS DE PRECIOS UNITARIOS A.P.U.
B183: =+PRESUPUESTO!B1 -> MANTENIMIENTO Y ADECUACIÓN DE INSTITUCIONES EDUCATIVAS OFICIALES, DEL MUNICIPIO DE LA APARTADA CORDOBA.
B186: =+PRESUPUESTO!C54 -> CONSTRUCCION DE CABEZAL COLUMNA-LOSA EN CONCRETO DE 3500 PSI DE SECCION (0.50 MTS X 0.50 MTS X 0.30 MTS) | G186: UND:
B189: ITEM | C189: =+PRESUPUESTO!B54 -> 6.4
B190: I. EQUIPO
...

Sheet 7. APU INST LUIFERGO
B8: ANALISIS DE PRECIOS UNITARIOS A.P.U.
B9: =+PRESUPUESTO!B1 -> MANTENIMIENTO Y ADECUACIÓN DE INSTITUCIONES EDUCATIVAS OFICIALES, DEL MUNICIPIO DE LA APARTADA CORDOBA.
B12: =+PRESUPUESTO!C58 -> S/I DE CONEXIONES ELECTRICAS PARA EQUIPOS DE COMPUTO, INCLUYE TODOS LOS MATERIALES NECESARIOS PARA SU CORRECTA INSTALACIÓN Y FUNCIONAMIENTO. | G12: UND: und
B15: ITEM | C15: =+PRESUPUESTO!B58 -> 7.1
B16: I. EQUIPO
B17: Descripción | D17: Tipo | E17: Tarifa/Hora | F17: Rendimiento | G17: Valor-Unit. | H17: Valor Total
B18: Herramienta menor | F18: 0.1 | G18: =+H50 -> 72625.501 | H18: =+F18*G18 -> 7262.5501
G21: Sub-Total | H21: =SUM(H18:H20) -> 7262.5501
B22: II. MATERIALES EN OBRA
B23: Descripción | D23: Unidad | E23: Cantidad | F23: Precio unitario | G23: Valor-unit | H23: Valor Total
B24: Tablero De 12 Circuitos | D24: und | E24: =12/20 -> 0.6 | F24: 134000 | G24: =+E24*F24 -> 80400 | H24: =+G24 -> 80400
B25: Interruptor automático termomagnético de 12 A | D25: und | E25: =12/20 -> 0.6 | F25: 20000 | G25: =+E25*F25 -> 12000 | H25: =+G25 -> 12000
B26: Rollo Cable eléctrico de cobre THHN/THWN-2 calibre No. 12, color Rojo | D26: und | E26: =2/20 -> 0.1 | F26: 280000 | G26: =+E26*F26 -> 28000 | H26: =+G26 -> 28000
B27: Rollo Cable eléctrico de cobre THHN/THWN-2 calibre No. 12, color Verde | D27: und | E27: =1/20 -> 0.05 | F27: 280000 | G27: =+E27*F27 -> 14000 | H27: =+G27 -> 14000
B28: Rollo Cable eléctrico de cobre THHN/THWN-2 calibre No. 12, color Blanco | D28: und | E28: =2/20 -> 0.1 | F28: 280000 | G28: =+E28*F28 -> 28000 | H28: =+G28 -> 28000
B29: Rollo Cable eléctrico de cobre THHN/THWN-2 calibre No. 14, color Amarillo | D29: und | E29: =1/20 -> 0.05 | F29: 195000 | G29: =+E29*F29 -> 9750 | H29: =+G29 -> 9750
B30: Tubería metálica tipo EMT de 3/4" | D30: und | E30: =12/20 -> 0.6 | F30: 19900 | G30: =+E30*F30 -> 11940 | H30: =+G30 -> 11940
B31: Grapas EMT 3/4" | D31: und | E31: =30/20 -> 1.5 | F31: 1800 | G31: =+E31*F31 -> 2700 | H31: =+G31 -> 2700
B32: Toma Corriente Para Caja Levantón | D32: und | E32: 1 | F32: 12000 | G32: =+E32*F32 -> 12000 | H32: =+G32 -> 12000
B33: Toma Corriente mirada China | D33: und | E33: =3/20 -> 0.15 | F33: 9000 | G33: =+E33*F33 -> 1350 | H33: =+G33 -> 1350
B34: Cajas MT Para Tomacorrientes | D34: und | E34: =22/20 -> 1.1 | F34: 6000 | G34: =+E34*F34 -> 6600 | H34: =+G34 -> 6600
B35: Adaptadores 3/4" | D35: und | E35: =35/20 -> 1.75 | F35: 2200 | G35: =+E35*F35 -> 3850 | H35: =+G35 -> 3850
B36: Curvas 3/4" | D36: und | E36: =25/20 -> 1.25 | F36: 8000 | G36: =+E36*F36 -> 10000 | H36: =+G36 -> 10000
B37: Caja de Tornillos de Ensamble de 1 1/2" | D37: und | E37: =0.5/20 -> 0.025 | F37: 350 | G37: =+E37*F37 -> 8.75 | H37: =+G37 -> 8.75
G39: Sub-Total | H39: =SUM(H24:H38) -> 220598.75
B40: III. TRANSPORTES
B41: Descripción | D41: Tipo | E41: Distancia | F41: Tarifa | G41: Valor-Unit. | H41: Valor Total
G42: =+E42*F42 -> 0 | H42: =+G42 -> 0
G44: Sub-Total | H44: =+H42 -> 0
B45: IV. MANO DE OBRA
B46: Trabajador | C46: Cantidad | D46: Jornal | E46: Prestaciones | F46: Jornal Total | G46: Rendimiento | H46: Valor-Unit.
B47: Tecnico Electricista | C47: 1 | D47: 100000 | E47: 1.8344 | F47: =+D47*C47*E47 -> 183440 | G47: 4 | H47: =F47/G47 -> 45860
B48: ayudante | C48: 1 | D48: 58363.5 | E48: 1.8344 | F48: =+D48*C48*E48 -> 107062 | G48: 4 | H48: =+F48/G48 -> 26765.501
G50: Sub-Total | H50: =+SUM(H47:H49) -> 72625.501
C52: Aprobó: | G52: Total Costo Directo | H52: =+H21+H39+H44+H50 -> 300486.8
C55: OMAR ANTONIO ROMÁN HERRERA
C56: Secretario de Planeación, Obras Públicas y Medio Ambiente
C57: Municipio de La Apartada Córdoba (E)
C58: Mediante Resolución N°. 286 de 08 de septiembre de 2026
B69: ANALISIS DE PRECIOS UNITARIOS A.P.U.
B70: =+PRESUPUESTO!B1 -> MANTENIMIENTO Y ADECUACIÓN DE INSTITUCIONES EDUCATIVAS OFICIALES, DEL MUNICIPIO DE LA APARTADA CORDOBA.
B73: =+PRESUPUESTO!C59 -> DESMONTE DE CIELO RASO EN LAMINA DE POLIESTIRENO EXPANDIDO, EN MAL ESTADO. | G73: UND:
B76: ITEM | C76: =+PRESUPUESTO!B59 -> 7.2
B77: I. EQUIPO
B78: Descripción | D78: Tipo | E78: Tarifa/Hora | F78: Rendimiento | G78: Valor-Unit. | H78: Valor Total
B79: Herramienta menor | F79: 0.1 | G79: =+H99 -> 11012.092 | H79: =+F79*G79 -> 1101.2092
G82: Sub-Total | H82: =SUM(H79:H81) -> 1101.2092
B83: II. MATERIALES EN OBRA
B84: Descripción | D84: Unidad | E84: Cantidad | F84: Precio unitario | G84: Valor-unit | H84: Valor Total
G88: Sub-Total | H88: =SUM(H85:H87) -> 0
B89: III. TRANSPORTES
B90: Descripción | D90: Tipo | E90: Distancia | F90: Tarifa | G90: Valor-Unit. | H90: Valor Total
G91: =+E91*F91 -> 0 | H91: =+G91 -> 0
G93: Sub-Total | H93: =+H91 -> 0
B94: IV. MANO DE OBRA
B95: Trabajador | C95: Cantidad | D95: Jornal | E95: Prestaciones | F95: Jornal Total | G95: Rendimiento | H95: Valor-Unit.
B96: Oficial | C96: 1 | D96: 93381.6 | E96: 1.8344 | F96: =+D96*C96*E96 -> 171299.21 | G96: 35 | H96: =F96/G96 -> 4894.2631
B97: ayudante | C97: 2 | D97: 58363.5 | E97: 1.8344 | F97: =+D97*C97*E97 -> 214124.01 | G97: 35 | H97: =+F97/G97 -> 6117.8288
G99: Sub-Total | H99: =+SUM(H96:H98) -> 11012.092
C101: Aprobó: | G101: Total Costo Directo | H101: =+H82+H88+H93+H99 -> 12113.301
C104: OMAR ANTONIO ROMÁN HERRERA
C105: Secretario de Planeación, Obras Públicas y Medio Ambiente
C106: Municipio de La Apartada Córdoba (E)
C107: Mediante Resolución N°. 286 de 08 de septiembre de 2026
B119: ANALISIS DE PRECIOS UNITARIOS A.P.U.
B120: =+PRESUPUESTO!B1 -> MANTENIMIENTO Y ADECUACIÓN DE INSTITUCIONES EDUCATIVAS OFICIALES, DEL MUNICIPIO DE LA APARTADA CORDOBA.
B123: =+PRESUPUESTO!C60 -> S/I DE CIELO RASO EN LAMINA PVC, EN SALA DE SISTEMAS. | G123: UND: M2
B126: ITEM | C126: =+PRESUPUESTO!B60 -> 7.3
B127: I. EQUIPO
B128: Descripción | D128: Tipo | E128: Tarifa/Hora | F128: Rendimiento | G128: Valor-Unit. | H128: Valor Total
B129: Herramienta menor | F129: 0.1 | G129: =+H157 -> 17397.576 | H129: =+F129*G129 -> 1739.7576
B130: Andamios tijera 1.50,*30 mts | E130: 4200 | F130: 5 | G130: =+E130/F130 -> 840 | H130: =+G130 -> 840
B131: Plataforma Met para andamios | E131: 4600 | F131: 5 | G131: =+E131/F131 -> 920 | H131: =+G131 -> 920
G132: Sub-Total | H132: =SUM(H129:H131) -> 3499.7576
B133: II. MATERIALES EN OBRA
B134: Descripción | D134: Unidad | E134: Precio-Unit. | F134: Cantidad | G134: Valor-Unit. | H134: Valor Total
D135: =+IF(B135=0,"",(VLOOKUP(B135,[7]MATERIALES!$B$6:$D$149,3,FALSE))) | G135: =E135*F135 -> 0 | H135: =G135 -> 0
B136: ANGULO 30 X 20 MM CAL 26 | D136: UND | E136: 3650 | F136: 0.35 | G136: =E136*F136 -> 1277.5 | H136: =G136 -> 1277.5
B137: CHAZOS | D137: UND | E137: 500 | F137: 5 | G137: =E137*F137 -> 2500 | H137: =G137 -> 2500
B138: OMEGA CON REBORDE CAL 26 X 2.44 | D138: UND | E138: 5200 | F138: 1.8 | G138: =E138*F138 -> 9360 | H138: =G138 -> 9360
B139: ALAMBRE GALVANIZADO | D139: KG | E139: 15600 | F139: 0.07 | G139: =E139*F139 -> 1092 | H139: =G139 -> 1092
B140: PERFIL TIPO J 2.90 m | D140: UND | E140: 7900 | F140: 0.35 | G140: =E140*F140 -> 2765 | H140: =G140 -> 2765
B141: LAMINA PVC 2.90m X 0.30m E7mm | D141: UND | E141: =(79692)/4 -> 19923 | F141: 1.2 | G141: =E141*F141 -> 23907.6 | H141: =G141 -> 23907.6
B142: TORNILLO AUTO PERFORANTES | D142: UND | E142: 200 | F142: 20 | G142: =E142*F142 -> 4000 | H142: =G142 -> 4000
B144: Desperdicio | D144: % | E144: =+SUM(G136:G143) -> 44902.1 | F144: 0.05 | G144: =E144*F144 -> 2245.105 | H144: =G144 -> 2245.105
G146: Sub-Total | H146: =SUM(H135:H145) -> 47147.205
B147: III. TRANSPORTES
B148: Descripción | D148: Tipo | E148: Distancia | F148: Tarifa/M2 | G148: Valor-Unit. | H148: Valor Total
B149: camion turbo | D149: C2P | E149: 1 | F149: 2000 | G149: =+E149*F149 -> 2000 | H149: =+G149 -> 2000
G151: Sub-Total | H151: =SUM(H149:H150) -> 2000
B152: IV. MANO DE OBRA
B153: Trabajador | C153: Cantidad | D153: Jornal | E153: Prestaciones | F153: Jornal Total | G153: Rendimiento | H153: Valor-Unit.
B154: Oficial | C154: 1 | D154: =+D96 -> 93381.6 | E154: 1.8344 | F154: =+D154*C154*E154 -> 171299.21 | G154: 16 | H154: =F154/G154 -> 10706.2
B155: ayudante | C155: 1 | D155: =+D97 -> 58363.5 | E155: 1.8344 | F155: =+D155*C155*E155 -> 107062 | G155: 16 | H155: =+F155/G155 -> 6691.3753
G157: Sub-Total | H157: =+SUM(H154:H156) -> 17397.576
C159: Aprobó: | G159: Total Costo Directo | H159: =+H132+H146+H151+H157 -> 70044.538
C162: OMAR ANTONIO ROMÁN HERRERA
C163: Secretario de Planeación, Obras Públicas y Medio Ambiente
C164: Municipio de La Apartada Córdoba (E)
C165: Mediante Resolución N°. 286 de 08 de septiembre de 2026
...

Sheet MEMORIAS DE CANTIDADES  
A1: MEMORIA DE CANTIDADES DE OBRA | K1: ALCALDIA DE LA APARTADA
A3: OBJETO: | D3: =+PRESUPUESTO!B1 -> MANTENIMIENTO Y ADECUACIÓN DE INSTITUCIONES EDUCATIVAS OFICIALES, DEL MUNICIPIO DE LA APARTADA CORDOBA.
A5: ILUMINARIAS | G5: FECHA DE ELABORACION: | H5: 46273 | K5: UNIDAD : | M5: ML
A6: ACTIVIDAD | C6: =+PRESUPUESTO!C6 -> DESMONTE DE PUERTA DE BAÑO DE UNIDAD SANITARIA EN MAL ESTADO. 0.68 MTS X 1.80 MTS, INCLUYE DESMONTE DE MARCO | K6: CANTIDAD: | M6: =+M19 -> 0
A7: ITEM | C7: 1.2 | H7: DIMENSIONES | L7: Frecuencia | M7: Medida total
J9: N | K9: LONG
M12: =+J12*K12 -> 0
G19: TOTAL | M19: =SUM(M10:M18) -> 0
A20: OBSERVACIONES:
A25: =PRESUPUESTO!C73 -> OMAR ANTONIO ROMAN HERRERA
A26: =PRESUPUESTO!C74 -> Secretario de Planeación, Obras Públicas y Medio Ambiente
A27: =PRESUPUESTO!C75 -> Municipio de La Apartada Córdoba (E)

Sheet APU
B8: ANALISIS DE PRECIOS UNITARIOS A.P.U.
B9: =+PRESUPUESTO!B1 -> MANTENIMIENTO Y ADECUACIÓN DE INSTITUCIONES EDUCATIVAS OFICIALES, DEL MUNICIPIO DE LA APARTADA CORDOBA.
B12: =+PRESUPUESTO!C5 -> DESMONTE DE PUERTA GALVANIZADA DE ACCCESO A UNIDAD SANITARIA, 1.0 MTS X 2.40 MTS, INLCUYE DESMONTE DE MARCO | G12: UND: ml
B16: I. EQUIPO
B17: Descripción | D17: Tipo | E17: Tarifa/Hora | F17: Rendimiento | G17: Valor-Unit. | H17: Valor Total
B18: Herramienta menor | F18: 0.1 | G18: =+H38 -> 3976.5887 | H18: =+F18*G18 -> 397.65887
G21: Sub-Total | H21: =SUM(H18:H20) -> 397.65887
B22: II. MATERIALES EN OBRA
B23: Descripción | D23: Unidad | E23: Precio-Unit. | F23: Cantidad | G23: Valor-Unit. | H23: Valor Total
B24: acero de refuerzo 3/8" corrugado | D24: kg | E24: 5144.04 | F24: 1 | G24: =E24*F24 -> 5144.04 | H24: =G24 -> 5144.04
B25: alambre negro | D25: kg | E25: 11200 | F25: 0.05 | G25: =E25*F25 -> 560 | H25: =G25 -> 560
B26: desperdicio | D26: % | E26: =+SUM(G24:G25) -> 5704.04 | F26: 0.05 | G26: =+E26*F26 -> 285.202 | H26: =+G26 -> 285.202
G27: Sub-Total | H27: =SUM(H24:H26) -> 5989.242
B28: III. TRANSPORTES
B29: Descripción | D29: Tipo | E29: Distancia | F29: Tarifa | G29: Valor-Unit. | H29: Valor Total
G30: =+E30*F30 -> 0 | H30: =+G30 -> 0
G32: Sub-Total | H32: =+H30 -> 0
B33: IV. MANO DE OBRA
B34: Trabajador | C34: Cantidad | D34: Jornal | E34: Prestaciones | F34: Jornal Total | G34: Rendimiento | H34: Valor-Unit.
B35: Oficial | C35: 1 | D35: 93381.6 | E35: 1.8344 | F35: =+D35*C35*E35 -> 171299.21 | G35: 70 | H35: =F35/G35 -> 2447.1315
B36: ayudante | C36: 1 | D36: 58363.5 | E36: 1.8344 | F36: =+D36*C36*E36 -> 107062 | G36: 70 | H36: =+F36/G36 -> 1529.4572
G37: 4
G38: Sub-Total | H38: =+SUM(H35:H37) -> 3976.5887
D40: Total Costo Directo | H40: =+H21+H27+H32+H38 -> 10363.49
B44: =+PRESUPUESTO!C73 -> OMAR ANTONIO ROMAN HERRERA
B45: =PRESUPUESTO!C74 -> Secretario de Planeación, Obras Públicas y Medio Ambiente
B46: =PRESUPUESTO!C75 -> Municipio de La Apartada Córdoba (E)
B57: ANALISIS DE PRECIOS UNITARIOS A.P.U.
B58: =+PRESUPUESTO!B1 -> MANTENIMIENTO Y ADECUACIÓN DE INSTITUCIONES EDUCATIVAS OFICIALES, DEL MUNICIPIO DE LA APARTADA CORDOBA.
B61: =+PRESUPUESTO!C6 -> DESMONTE DE PUERTA DE BAÑO DE UNIDAD SANITARIA EN MAL ESTADO. 0.68 MTS X 1.80 MTS, INCLUYE DESMONTE DE MARCO | G61: UND: Ml
J63: vol de concreto | L63: =0.054*1 -> 0.054
B65: I. EQUIPO
B66: Descripción | D66: Tipo | E66: Tarifa/Hora | F66: Rendimiento | G66: Valor-Unit. | H66: Valor Total
B67: Herramienta menor | F67: 0.1 | G67: =+H95 -> 19271.161 | H67: =+F67*G67 -> 1927.1161
G70: Sub-Total | H70: =SUM(H67:H69) -> 1927.1161
B71: II. MATERIALES EN OBRA
B72: Descripción | D72: Unidad | E72: Precio-Unit. | F72: Cantidad | G72: Valor-Unit. | H72: Valor Total
B73: Grava | D73: m3 | E73: 90000 | F73: =+(L63*0.67) -> 0.03618 | G73: =+E73*F73 -> 3256.2 | H73: =+G73 -> 3256.2
B74: Arena | D74: m3 | E74: 55000 | F74: =+L63*0.67 -> 0.03618 | G74: =+E74*F74 -> 1989.9 | H74: =+G74 -> 1989.9
B75: cemento | D75: und | E75: 32000 | F75: =+(L63*420)/50 -> 0.4536 | G75: =+E75*F75 -> 14515.2 | H75: =+G75 -> 14515.2
B76: agua | D76: lts | E76: 150 | F76: =+L63*250 -> 13.5 | G76: =+E76*F76 -> 2025 | H76: =+G76 -> 2025
G77: =E77*F77 -> 0 | H77: =G77 -> 0
G78: =E78*F78 -> 0 | H78: =G78 -> 0
G79: =E79*F79 -> 0 | H79: =G79 -> 0
G80: =E80*F80 -> 0 | H80: =G80 -> 0
D81: =+IF(B81=0,"",(VLOOKUP(B81,MATERIALES!$B$6:$D$149,3,FALSE))) | G81: =E81*F81 -> 0 | H81: =G81 -> 0
D82: =+IF(B82=0,"",(VLOOKUP(B82,MATERIALES!$B$6:$D$149,3,FALSE))) | G82: =E82*F82 -> 0 | H82: =G82 -> 0
G84: Sub-Total | H84: =SUM(H73:H83) -> 21786.3
B85: III. TRANSPORTES
B86: Descripción | D86: Tipo | E86: Distancia | F86: Tarifa | G86: Valor-Unit. | H86: Valor Total
G89: Sub-Total | H89: =SUM(H87:H88) -> 0
B90: IV. MANO DE OBRA
B91: Trabajador | C91: Cantidad | D91: Jornal | E91: Prestaciones | F91: Jornal Total | G91: Rendimiento | H91: Valor-Unit.
B92: Oficial | C92: 1 | D92: 93381.6 | E92: 1.8344 | F92: =+D92*C92*E92 -> 171299.21 | G92: 20 | H92: =F92/G92 -> 8564.9604
B93: ayudante | C93: 2 | D93: 58363.5 | E93: 1.8344 | F93: =+D93*C93*E93 -> 214124.01 | G93: 20 | H93: =+F93/G93 -> 10706.2
G95: Sub-Total | H95: =+SUM(H92:H94) -> 19271.161
D97: Total Costo Directo | H97: =+H70+H84+H89+H95 -> 42984.577
B101: =+PRESUPUESTO!C73 -> OMAR ANTONIO ROMAN HERRERA
B102: =B45 -> Secretario de Planeación, Obras Públicas y Medio Ambiente
B103: Municipio de La Apartada Córdoba
B115: ANALISIS DE PRECIOS UNITARIOS A.P.U.
B116: =+PRESUPUESTO!B1 -> MANTENIMIENTO Y ADECUACIÓN DE INSTITUCIONES EDUCATIVAS OFICIALES, DEL MUNICIPIO DE LA APARTADA CORDOBA.
B119: =+PRESUPUESTO!#REF! -> #REF! | G119: UND: Ml
B123: I. EQUIPO
B124: Descripción | D124: Tipo | E124: Tarifa/Hora | F124: Rendimiento | G124: Valor-Unit. | H124: Valor Total
B125: Herramienta menor | F125: 0.1 | G125: =+H150 -> 7137.467 | H125: =+F125*G125 -> 713.7467
G128: Sub-Total | H128: =SUM(H125:H127) -> 713.7467
B129: II. MATERIALES EN OBRA
B130: Descripción | D130: Unidad | E130: Precio-Unit. | F130: Cantidad | G130: Valor-Unit. | H130: Valor Total
B131: Pintura de trafico para demarcacion | D131: gal | E131: 175900 | F131: 0.1 | G131: =E131*F131 -> 17590 | H131: =G131 -> 17590
B132: disolvente industrial | D132: lts | E132: 45000 | F132: 0.02 | G132: =E132*F132 -> 900 | H132: =G132 -> 900
B133: Brocha 4" | D133: und | E133: 19900 | F133: 0.025 | G133: =E133*F133 -> 497.5 | H133: =G133 -> 497.5
B134: Cinta de enmascarar | D134: m | E134: 422.5 | F134: 2 | G134: =E134*F134 -> 845 | H134: =G134 -> 845
G135: =E135*F135 -> 0 | H135: =G135 -> 0
G136: =E136*F136 -> 0 | H136: =G136 -> 0
B137: desperdicio | D137: % | E137: =+SUM(G131:G134) -> 19832.5 | F137: 0.05 | G137: =E137*F137 -> 991.625 | H137: =G137 -> 991.625
G139: Sub-Total | H139: =SUM(H131:H138) -> 20824.125
B140: III. TRANSPORTES
B141: Descripción | D141: Tipo | E141: Distancia | F141: Tarifa | G141: Valor-Unit. | H141: Valor Total
G144: Sub-Total | H144: =SUM(H142:H143) -> 0
B145: IV. MANO DE OBRA
B146: Trabajador | C146: Cantidad | D146: Jornal | E146: Prestaciones | F146: Jornal Total | G146: Rendimiento | H146: Valor-Unit.
B148: ayudante | C148: 2 | D148: 58363.5 | E148: 1.8344 | F148: =+D148*C148*E148 -> 214124.01 | G148: 30 | H148: =+F148/G148 -> 7137.467
G150: Sub-Total | H150: =+SUM(H147:H149) -> 7137.467
D152: Total Costo Directo | H152: =+H128+H139+H144+H150 -> 28675.339
B156: =+B101 -> OMAR ANTONIO ROMAN HERRERA
B157: =B102 -> Secretario de Planeación, Obras Públicas y Medio Ambiente
B158: Municipio de La Apartada Córdoba
B171: ANALISIS DE PRECIOS UNITARIOS A.P.U.
B172: =+PRESUPUESTO!B1 -> MANTENIMIENTO Y ADECUACIÓN DE INSTITUCIONES EDUCATIVAS OFICIALES, DEL MUNICIPIO DE LA APARTADA CORDOBA.
B175: =+PRESUPUESTO!C18 -> S/I DE CIELO RASO EN LAMINA PVC, EN UNIDAD SANITARIA | G175: UND: und
B179: I. EQUIPO
B180: Descripción | D180: Tipo | E180: Tarifa/Hora | F180: Rendimiento | G180: Valor-Unit. | H180: Valor Total
B181: Herramienta menor | F181: 0.1 | G181: =+H203 -> 32118.601 | H181: =+F181*G181 -> 3211.8601
G184: Sub-Total | H184: =SUM(H181:H183) -> 3211.8601 | L184: Poste en angulo de 2*2*1/4 de 3,5m para señal | T184: =+VLOOKUP(L184,[9]MATERIALES!$A$10:$C$83,2,FALSE) -> Und
B185: II. MATERIALES EN OBRA | L185: Señal (grupo 1). Tablero en lámina galvanizada de 75cm*75cm, calibre 16, reflectivo tipo 1/ incluye poste ) | T185: =+VLOOKUP(L185,[9]MATERIALES!$A$10:$C$83,2,FALSE) -> Und
B186: Descripción | D186: Unidad | E186: Precio-Unit. | F186: Cantidad | G186: Valor-Unit. | H186: Valor Total | L186: Concreto Resistencia 14 (Mpa) | T186: =+VLOOKUP(L186,[9]MATERIALES!$A$10:$C$83,2,FALSE) -> m3
B187: Poste en angulo de 2*2*1/4 de 3,5m para señal | D187: und | E187: 152400 | F187: 1 | G187: =+E187*F187 -> 152400 | H187: =+G187 -> 152400
B188: Señal (grupo 1). Tablero en lámina galvanizada de 75cm*75cm, calibre 16, reflectivo tipo 1/ incluye poste ) | D188: und | E188: 412000 | F188: 1 | G188: =+E188*F188 -> 412000 | H188: =+G188 -> 412000
B189: Concreto Resistencia 3500 | D189: m3 | E189: 720900 | F189: 0.03 | G189: =+E189*F189 -> 21627 | H189: =+G189 -> 21627
...

Sheet SUMA
B3: =+SUM('MEMORIAS DE CANTIDADES '!M19+'MEMORIAS DE CANTIDADES '!#REF!+'MEMORIAS DE CANTIDADES '!#REF!+'MEMORIAS DE CANTIDADES '!#REF!+'MEMORIAS DE CANTIDADES '!#REF!+'MEMORIAS DE CANTIDADES '!#REF!+'MEMORIAS DE CANTIDADES '!#REF!+'MEMORIAS DE CANTIDADES '!#REF!+'MEMORIAS DE CANTIDADES '!#REF!+'MEMORIAS DE CANTIDADES '!#REF!+'MEMORIAS DE CANTIDADES '!#REF!+'MEMORIAS DE CANTIDADES '!#REF!+'MEMORIAS DE CANTIDADES '!#REF!+'MEMORIAS DE CANTIDADES '!#REF!+'MEMORIAS DE CANTIDADES '!#REF!) -> #REF!

Sheet MO
A1: LISTA DE COSTOS DE MANO DE OBRA
A2: SALARIO MES SMMLV (2025) | B2: 1423500
A3: DESCRIPCIÓN | B3: VALOR/JORNAL $
A5: Maestro | B5: =+B8*4 -> 133333.33
A6: Soldador | B6: =+B8*2.5 -> 83333.333
A7: Oficial | B7: =+B8*2 -> 66666.667
A8: Ayudante | B8: =1000000/30 -> 33333.333
A9: Topógrafo | B9: 136478
A10: Cadenero | B10: =+B8*1.5 -> 50000
A11: Trochero | B11: =+B10 -> 50000
A12: Machinero | B12: =+B7 -> 66666.667
A13: Operador | B13: =+B5 -> 133333.33
A14: Oficial especializado | B14: =+B7*1.5 -> 100000

Sheet MATERIALES
B1: LISTA DE PRECIOS DE MATERIALES
B3: DESCRIPCIÓN | C3: VALOR $ | D3: UNIDAD
B5: desperdicio | C5: 120 | D5: lt
B6: Lavaplatos para Empotrar Doble Tanque 84x56 cm Acero Inoxidable | C6: 5253.08 | D6: un
B7: Grifería de lavaplatos | C7: 79900 | D7: und
B8: Sifón PVC/flexible | C8: 99900 | D8: und
B9: Silicona sellante | C9: 33.9 | D9: und
B10: Canastilla desagüe | C10: 3500 | D10: un
B11: mangueras flaxibles | C11: 9400 | D11: kg
B12: Adaptadores PVC metalicos | C12: 32250 | D12: Gln
B13: Tuvo PVC sanitario | C13: 4500 | D13: un
B14: Silicona sanitaria | C14: =3700*1.4 -> 5180 | D14: un
B15: Cintas Teflón | C15: 5900 | D15: kg
B16: ANGULO 1 1/2"x1 1/2"x1/8" | C16: 14420 | D16: M
B17: ANGULO DE 1-1/2´´ x 1/4´´ (cerramiento en malla) | C17: 12384.54 | D17: m
B18: Angulo galvanizado de 0.2 X 0.25 Cal. 26 x 2.44 m | C18: 1300 | D18: und
B19: Arbol frutal de la región. H= 1,50 - 2,00 m. | C19: 50000 | D19: un
B20: Arena lavada | C20: 60000 | D20: m3
B21: Arena Silice (20kgxm2) | C21: 1020 | D21: kg
B22: Bancas con espaldar tipo tipo IDU según diseño | C22: 838000 | D22: Und
B23: Barraje monofásico para 500 A | C23: 742000 | D23: und
B24: Barraje monofásico para 500 A | C24: 742000 | D24: und
B25: BLOQUE N° 5. e= 0,10 m. | C25: =1100*1.4 -> 1540 | D25: un
B26: BLOQUE N° 5. e= 0,15 m. | C26: =1400*1.4 -> 1960 | D26: un
B27: Bordillo prefabricado en concreto de sección 15CM x 45CM X 80CM | C27: 56738 | D27: UN
B28: Braker totalizador 3x350 A LG | C28: 754000 | D28: und
B29: Braker totalizador 3x350 A LG | C29: 754000 | D29: und
B30: Breaker 3x70 A LG | C30: 90498 | D30: und
B31: Breaker 3x70 A LG | C31: 90498 | D31: und
B32: Breaker10/15/20 Amp. | C32: =13900*1.5 -> 20850 | D32: un
B33: Caballete - limatesa teja Arquitectónica. | C33: 53060 | D33: un
B34: Cable de Acero Galvanizado de 1/4 Pulgada | C34: =4900*1.4 -> 6860 | D34: m
B35: Cable de Cobre Aislado THHN No. 12 | C35: 2300 | D35: m
B36: Cable de Cobre Aislado THHN No. 14 | C36: 1800 | D36: m
B37: Cable Encauchetado 3x12 XMt Cst-P Awg Cu 600v 75c | C37: 16814.6 | D37: m
B38: Cable Encauchetado 3x14 XMt Cst-P Awg Cu 600v 75c | C38: =7500*1.5 -> 11250 | D38: m
B39: Caucho Molido (10kgxm2) | C39: 2640 | D39: kg
B40: Cemento Gris | C40: 690 | D40: kg
B41: Cerradura puerta oficina doble seguridad. | C41: 42000 | D41: un
B42: CESPED PARA EMPRADIZACION X BULTO | C42: 22500 | D42: UN
B43: Chazo puntilla | C43: 240 | D43: und
B44: Chazo Tipo Cuña 3/8x16x3 | C44: =886*2 -> 1772 | D44: un
B45: Cinta aislante 33+ | C45: 21000 | D45: und
B46: Cinta Malla * 45mts F/Vidrio | C46: 9700 | D46: und
B47: CINTA TEFLÓN HD 1/2”X10 M | C47: 1000 | D47: un
B48: Cinta vinilo | C48: =4500*1.5 -> 6750 | D48: Rollo
B49: Cintas de Union | C49: 5700 | D49: m
B50: CODO 90° BAJANTE 4" | C50: 13667 | D50: un
B51: CONCRETO 2,500 P.S.I. | D51: m3
B52: CONCRETO 3.000 PSI | D52: m3
B53: Conductor de cobre desnudo, de 35 mm². | C53: =9422*1.4 -> 13190.8 | D53: m
B54: Conexión general entre barraje y breakers con platinas de cobre | C54: 292320 | D54: und
B55: Conexión general entre barraje y breakers con platinas de cobre | C55: 243600 | D55: und
B56: Conjunto Griferia Sanitaria | C56: =30000*1.4 -> 42000 | D56: un
B57: Cortacircuito monopolar 15 KV. 100 A. | C57: 178454.52 | D57: UN
B58: CRUCETA ANGULAR METALICA 1400 MM, (AUTO-SOPORTADA) | C58: 173722.77 | D58: UN
B59: Disolvente para pintura (TINNER) | C59: 15750 | D59: Galón
B60: Electrobomba de 1 HP | C60: =270000*1.5 -> 405000 | D60: =+D61 -> und
B61: =+[10]APUS!$A$4997 -> Emulsion Asfaltico 18k | C61: 75600 | D61: und
B62: ESMALTE PINTULUX | C62: 94580 | D62: GALON
B63: Espuma elastomérica a base de caucho sintético | C63: =9400*1.5 -> 14100 | D63: =+D54 -> und
B64: Ganchos de Hierro 1/4" | C64: 4440 | D64: Und
B65: Gas refrigerante R22 x 800 Grs | C65: 75000 | D65: =+D64 -> Und
B66: Gas refrigerante R410A | C66: =+C65 -> 75000 | D66: =+D65 -> Und
B67: Geotextil no Tejido 1800 | C67: 6240 | D67: m2
B68: Grama Sintetica | C68: 90720 | D68: m2
B69: Grava de 1/2" | C69: 99600 | D69: M3
B70: GRAVA DEL RIO SAN JORGE | C70: 90000 | D70: m3
B71: Grifería Lavamanos | C71: 28000 | D71: un
B72: Grifería Push Orinal Metal Cromo | C72: =60000*1.4 -> 84000 | D72: un
B73: Imprimante de dos componentes, a base de resina epoxi sin disolventes, tipo Sikafloor 154 W Gris 30 o similar. | C73: 46000 | D73: kg
B74: INTERRUPTOR SENCILLO BLANCO | C74: 20900 | D74: un
B75: Intervinil pro de 200 x 5 gal | C75: 168000 | D75: GALON
B76: JUEGO INFANTIL EN MADERA Y FIBRA. REF. NSM-02 | C76: =3800000*1.2 -> 4560000 | D76: Und
B77: Lamina de yeso RH 1/2pg 1.22 x 2.44m 12.7mm Knauf | C77: 64950 | D77: und
B78: Lampara Hermética Led 2x18 | C78: =53000*1.4 -> 74200 | D78: un
B79: LAMPARA LED DE 400 W | C79: 600000 | D79: UN
B80: Lámpara LED para alumbrado público 140w., 8000 lumens. | C80: =431000*1.2 -> 517200 | D80: und
B81: Lámpara LED para alumbrado público 140w., 8000 lumens. | C81: 958800 | D81: UN
B82: Lijas | C82: 2940 | D82: UN
B83: LUMINARIA 400 W. LED, MH O ROY ALPHA O SIMILAR | C83: 358000 | D83: un
B84: MALLA ARCOS DE FUTBOL EN FIBRA (JUEGO) | C84: =330000*1.2 -> 396000 | D84: Und
B85: Malla Electrosoldada 15x15cm | C85: 8800 | D85: M2
B86: MALLA ESLABONADA CAL 10 | C86: 20300 | D86: M2
B87: Malla para Cerramientos Deportivos Nylon, calibre 3. | C87: =4000*1.4 -> 5600 | D87: m²
B88: =+[10]APUS!$A$4995 -> Manto Edil de 3 mm | C88: 27000 | D88: m2
B89: MAQUINA BIOSALUDABLE SEGÚN NECESIDAD | C89: 2640000 | D89: und
B90: Masilla Poliéster para metal | C90: =17900*4*1.2 -> 85920 | D90: GALON
B91: Masilla supermastick | C91: 14500 | D91: gal
B92: Material seleccionado para relleno (recebo) | C92: 32000 | D92: M3
B93: Mortero 1:4 | D93: m3
B94: Mortero de reparación, tipo SikaTop®-122 o similar | C94: 10186.4 | D94: Kg
B95: Omega 2-5/16 x 3/4pg 0.38mm 2.44m | C95: 8550 | D95: und
B96: Palmera ornamental tipo Cola de Zorra, Real o Manila. h= 2,00 - 2,50 m. | C96: 120000 | D96: un
B97: Pararrayo tipo distribucion 12KV. 10 KA | C97: 168991.02 | D97: UN
B98: Perfilería PHR perfil C | C98: 11900 | D98: kg
B99: Perro 1/8" | C99: =1975*1.4 -> 2765 | D99: m
B100: PINTURA ANTICORROSIVO GRIS | C100: 68280 | D100: Galón
B101: Pintura de dos componentes, a base de poliuretano alifático y disolvente. | C101: 47700 | D101: kg
B102: PINTURA TERMOPLASTICA (e=2.3mm. Incluye Suministro y Aplicación con Equipo. Incluye Microesferas) | C102: =189000*1.4/5 -> 52920 | D102: GALON
...

Sheet CANT
B2: =+objeto -> MANTENIMIENTO Y ADECUACIÓN DE INSTITUCIONES EDUCATIVAS OFICIALES, DEL MUNICIPIO DE LA APARTADA CORDOBA.
B7: RESUMEN DE CANTIDADES DE OBRA
B8: No. ITEM | C8: DESCRIPCION | D8: UND | E8: COMISARIA | F8: TRANSITO | G8: PERSONERIA | H8: POLICIA | I8: SEDE EL ORIENTE | J8: OFIC DE INTEGRACION SOCIAL | K8: ALCALDIA | L8: TOTAL CANT.
B9: 1 | C9: DESMONTE DE CUBIERTA EN ASBESTO - CEMENTO, INCLUYE RETIRO DE SOBRANTES. | D9: =+PRESUPUESTO!#REF! -> #REF! | E9: =+E15 -> 316.72 | F9: =+F15 -> 209.81 | L9: =SUM(E9:F9) -> 526.53
B10: 2 | C10: DEMOLICION DE VIGA CORONA. | D10: =+PRESUPUESTO!#REF! -> #REF! | E10: =+(7*6*2)+12+2.4 -> 98.4 | F10: =5.9+(6.35*2*3)+(6.9*2)+0.8+3 -> 61.6 | L10: =SUM(E10:F10) -> 160
B11: 3 | C11: VIGA CORONA DE 0,10 X 0,20 M. EN CONCRETO REFORZADO, INCLUYE PLATINA PARA FIJACIÓN DE CORREAS METALICAS. | D11: =+PRESUPUESTO!#REF! -> #REF! | E11: =+(7*6*2)+12+2.4 -> 98.4 | F11: =5.9+(6.35*2*3)+(6.9*2)+0.8+3 -> 61.6 | L11: =SUM(E11:F11) -> 160
B12: 4 | C12: Cielo raso plano placa panel yeso 12mm. | D12: =+PRESUPUESTO!#REF! -> #REF! | E12: =47.8+113.8+14+17.9+23.4+18+17+17.3+22.7+17.2 -> 309.1 | F12: =23.7+117.8+15.2+15.5+16.4+19.8 -> 208.4 | L12: =SUM(E12:F12) -> 517.5
B13: 5 | C13: =+PRESUPUESTO!#REF! -> #REF! | D13: =+PRESUPUESTO!#REF! -> #REF! | E13: =+#REF!*1.1 -> #REF! | F13: =+#REF!*1.1 -> #REF! | L13: =SUM(E13:F13) -> #REF!
B14: 6 | C14: =+PRESUPUESTO!#REF! -> #REF! | D14: =+PRESUPUESTO!#REF! -> #REF! | E14: =+#REF! -> #REF! | F14: =+#REF! -> #REF! | L14: =SUM(E14:F14) -> #REF!
B15: 7 | C15: =+PRESUPUESTO!#REF! -> #REF! | D15: =+PRESUPUESTO!#REF! -> #REF! | E15: 316.72 | F15: 209.81 | L15: =SUM(E15:F15) -> 526.53
B16: 8 | C16: =+PRESUPUESTO!#REF! -> #REF! | D16: =+PRESUPUESTO!#REF! -> #REF! | E16: =1.2*27.9*2 -> 66.96 | F16: =1.2*(19.4+15.6) -> 42 | L16: =SUM(E16:F16) -> 108.96
B17: 9 | C17: =+PRESUPUESTO!#REF! -> #REF! | D17: =+PRESUPUESTO!#REF! -> #REF! | L17: 1
B18: 1 | C18: =+PRESUPUESTO!#REF! -> #REF! | D18: =+PRESUPUESTO!#REF! -> #REF! | E18: 2 | F18: 1 | G18: 1 | H18: 1 | J18: 3 | K18: =1+1+1+1+1+1+1+3+1+1+3+1+3+1+1 -> 21 | L18: =SUM(E18+F18+G18+H18+I18+J18+K18) -> 29
B19: 2 | C19: =PRESUPUESTO!#REF! -> #REF! | D19: UND | K19: =2+2 -> 4 | L19: =SUM(E19+F19+G19+H19+I19+J19+K19) -> 4
C20: =PRESUPUESTO!#REF! -> #REF! | D20: UND | E20: 8 | F20: 2 | H20: 4 | K20: =2+1+1+1+2+2+2+2 -> 13 | L20: =SUM(E20+F20+G20+H20+I20+J20+K20) -> 27
C21: =PRESUPUESTO!#REF! -> #REF! | D21: UND | H21: 4 | I21: 8 | J21: 2 | K21: =2+2+2+1+6 -> 13 | L21: =SUM(E21+F21+G21+H21+I21+J21+K21) -> 27

Sheet EQUIPOS
B2: LISTA DE COSTOS DE EQUIPOS
B4: DESCRIPCIÓN | C4: VALOR/HORA $
B6: Herramienta menor | C6: 5000
B7: pulidora | C7: 600
B8: Pinza voltiamperimetrica | C8: 56000
B9: Escalera de tijera 2.4 | C9: 24000
B10: Taladro percutor | C10: 68000
B11: BARRETON CALIMA | C11: 33019.41
B12: CARRETA BOOGY | C12: 4720
B13: PALA REDONDA CALIMA | C13: 14108.29
B14: PALADRAGA GRANDE | C14: 67539.71
B15: Equipo de chorro de aire a presión. | C15: 1000
B16: Equipo de chorro de agua a presión, con adaptador para lanza de agua. | C16: 1325
B17: Guadañadora de cintura. | C17: 3862
... B25: Equipo soldadura | C25: 7500

Sheet 6.2
A1: ANALISIS DE PRECIOS UNITARIOS A.P.U.
B4: ITEM: | C4: 6.20 INSTALACIÓN DE TUBERIA PVC U.M. PVC D=250MM (10")
A6: =+#REF! -> #REF! | F6: MUNICIPIO: | G6: Ayapel
F7: DPTO: | G7: Córdoba
F8: FECHA:
F9: UNIDAD: | G9: ML
A10: I. EQUIPO
A11: Descripción | C11: Tipo | D11: Tarifa/Hora | E11: Rendimiento | F11: Valor-Unit.
A12: Herramienta menor | D12: =+VLOOKUP(A12,EQUIPOS!$B$6:$C$25,2,) -> 5000 | E12: 25 | F12: =+D12/E12 -> 200
F18: Sub-Total | G18: =+SUM(F12:F17) -> 200
A19: II. MATERIALES EN OBRA
A20: Descripción | C20: Unidad | D20: Precio-Unit. | E20: Cantidad | F20: Valor-Unit.
A21: Limpiador removedor PVC | C21: =+VLOOKUP(A21,MATERIALES!$B$5:$D$729,2,) -> #N/A | D21: =+VLOOKUP(A21,MATERIALES!$B$5:$D$729,3,) -> #N/A | E21: 0.03 | F21: =+D21*E21 -> #N/A
A22: Soldadura PVC líquida | C22: =+VLOOKUP(A22,MATERIALES!$B$5:$D$729,2,) -> #N/A | D22: =+VLOOKUP(A22,MATERIALES!$B$5:$D$729,3,) -> #N/A | E22: 0.03 | F22: =+D22*E22 -> #N/A
F28: Sub-Total | G28: =+SUM(F21:F27) -> #N/A
A29: III. TRANSPORTES
A30: Descripción | C30: Tipo | D30: Porcentaje | E30: Tarifa | F30: Valor-Unit.
A31: Transporte de materiales | D31: 0.03 | E31: =+G28 -> #N/A | F31: =+D31*E31 -> #N/A
F35: Sub-Total | G35: =+SUM(F31:F34) -> #N/A
A36: IV. MANO DE OBRA
A37: Trabajador | B37: Cantidad | C37: Jornal | D37: Prestaciones | E37: Jornal Total | F37: Rendimiento | G37: Valor-Unit.
A38: Oficial | B38: 1 | C38: =+VLOOKUP(A38,MO!$1:$1048576,2,FALSE) -> 66666.667 | D38: 0.75 | E38: =+C38*(1+D38) -> 116666.67 | F38: 58 | G38: =+B38*(E38/F38) -> 2011.4943
A39: Ayudante | B39: 1 | C39: =+VLOOKUP(A39,MO!$1:$1048576,2,FALSE) -> 33333.333 | D39: 0.75 | E39: =+C39*(1+D39) -> 58333.333 | F39: 58 | G39: =+B39*(E39/F39) -> 1005.7471
F45: Sub-Total | G45: =+SUM(G38:G44) -> 3017.2414
C47: Total Costo Directo | G47: =+G18+G28+G35+G45 -> #N/A

Sheet 6.3
A1: ANALISIS DE PRECIOS UNITARIOS A.P.U. ACUEDUCTO
B4: ITEM: | C4: 6.3 INSTALACIÓN DE TUBERIA PVC U.M. PVC D=500MM (20")
A6: =+#REF! -> #REF! | F6: MUNICIPIO: | G6: Ayapel
F7: DPTO: | G7: Córdoba
F8: FECHA:
F9: UNIDAD: | G9: ml
A10: I. EQUIPO
A11: Descripción | C11: Tipo | D11: Tarifa/Hora | E11: Rendimiento | F11: Valor-Unit.
A12: Herramienta menor | D12: =+VLOOKUP(A12,EQUIPOS!$B$6:$C$25,2,) -> 5000 | E12: 25 | F12: =+D12/E12 -> 200
F18: Sub-Total | G18: =+SUM(F12:F17) -> 200
A19: II. MATERIALES EN OBRA
A20: Descripción | C20: Unidad | D20: Precio-Unit. | E20: Cantidad | F20: Valor-Unit.
A21: Limpiador removedor PVC | C21: =+VLOOKUP(A21,MATERIALES!$B$5:$D$729,2,) -> #N/A | D21: =+VLOOKUP(A21,MATERIALES!$B$5:$D$729,3,) -> #N/A | E21: 0.03 | F21: =+D21*E21 -> #N/A
A22: Soldadura PVC líquida | C22: =+VLOOKUP(A22,MATERIALES!$B$5:$D$729,2,) -> #N/A | D22: =+VLOOKUP(A22,MATERIALES!$B$5:$D$729,3,) -> #N/A | E22: 0.03 | F22: =+D22*E22 -> #N/A
F28: Sub-Total | G28: =+SUM(F21:F27) -> #N/A
A29: III. TRANSPORTES
A30: Descripción | C30: Tipo | D30: Porcentaje | E30: Tarifa | F30: Valor-Unit.
A31: Transporte de materiales | D31: 0.03 | E31: =+G28 -> #N/A | F31: =+D31*E31 -> #N/A
F35: Sub-Total | G35: =+SUM(F31:F34) -> #N/A
A36: IV. MANO DE OBRA
A37: Trabajador | B37: Cantidad | C37: Jornal | D37: Prestaciones | E37: Jornal Total | F37: Rendimiento | G37: Valor-Unit.
A38: Oficial | B38: 1 | C38: =+VLOOKUP(A38,MO!$1:$1048576,2,FALSE) -> 66666.667 | D38: 0.75 | E38: =+C38*(1+D38) -> 116666.67 | F38: 40 | G38: =+B38*(E38/F38) -> 2916.6667
A39: Ayudante | B39: 1 | C39: =+VLOOKUP(A39,MO!$1:$1048576,2,FALSE) -> 33333.333 | D39: 0.75 | E39: =+C39*(1+D39) -> 58333.333 | F39: 40 | G39: =+B39*(E39/F39) -> 1458.3333
F45: Sub-Total | G45: =+SUM(G38:G44) -> 4375
C47: Total Costo Directo | G47: =+G18+G28+G35+G45 -> #N/A

Sheet 8.2
A1: ANALISIS DE PRECIOS UNITARIOS A.P.U. ACUEDUCTO
B4: ITEM: | C4: 8.2 ACOMETIDA DOMICILIARIA PVC NUEVA 160X250 MM, INCLYE TUBERÍA Y ACCESORIOS
A6: =+#REF! -> #REF! | F6: MUNICIPIO: | G6: Purísima
F7: DPTO: | G7: Córdoba
F8: FECHA:
F9: UNIDAD: | G9: Und
A10: I. EQUIPO
A11: Descripción | C11: Tipo | D11: Tarifa/Hora | E11: Rendimiento | F11: Valor-Unit.
A12: Herramienta menor | D12: =+VLOOKUP(A12,EQUIPOS!$B$6:$C$25,2,) -> 5000 | E12: 1 | F12: =+D12/E12 -> 5000
F18: Sub-Total | G18: =+SUM(F12:F17) -> 5000
A19: II. MATERIALES EN OBRA
A20: Descripción | C20: Unidad | D20: Precio-Unit. | E20: Cantidad | F20: Valor-Unit.
A21: Silla yee 160X315 mm | C21: und | D21: 85000 | E21: 1 | F21: =+E21*D21 -> 85000
A22: tubería pvc 6 pulgadas | C22: ml | D22: 35000 | E22: 5 | F22: =+E22*D22 -> 175000
A23: Caja cilindrica en concreto incluye tapa y conexión | C23: und | D23: 120000 | E23: 1 | F23: =+E23*D23 -> 120000
F30: Sub-Total | G30: =+SUM(F21:F29) -> 380000
A31: III. TRANSPORTES
A32: Descripción | C32: Tipo | D32: Porcentaje | E32: Tarifa | F32: Valor-Unit.
A33: Transporte de materiales | D33: 0.03 | E33: =+G30 -> 380000 | F33: =+D33*E33 -> 11400
F37: Sub-Total | G37: =+SUM(F33:F36) -> 11400
A38: IV. MANO DE OBRA
A39: Trabajador | B39: Cantidad | C39: Jornal | D39: Prestaciones | E39: Jornal Total | F39: Rendimiento | G39: Valor-Unit.
A40: Oficial | B40: 1 | C40: =+VLOOKUP(A40,MO!$1:$1048576,2,FALSE) -> 66666.667 | D40: 0.75 | E40: =+C40*(1+D40) -> 116666.67 | F40: 6 | G40: =+B40*(E40/F40) -> 19444.444
A41: Ayudante | B41: 2 | C41: =+VLOOKUP(A41,MO!$1:$1048576,2,FALSE) -> 33333.333 | D41: 0.75 | E41: =+C41*(1+D41) -> 58333.333 | F41: 16 | G41: =+B41*(E41/F41) -> 7291.6667
F47: Sub-Total | G47: =+SUM(G40:G46) -> 26736.111
C49: Total Costo Directo | G49: =+G18+G30+G37+G47 -> 423136.11

Sheet 8.3
A1: ANALISIS DE PRECIOS UNITARIOS A.P.U. ACUEDUCTO
B4: ITEM: | C4: 8.3 ACOMETIDA DOMICILIARIA PVC NUEVA 160X300 MM, INCLYE TUBERÍA Y ACCESORIOS
A6: =+'8.2'!A6:D9 -> #REF! | F6: MUNICIPIO: | G6: Ayapel
F7: DPTO: | G7: Córdoba
F8: FECHA:
F9: UNIDAD: | G9: Und
A10: I. EQUIPO
A11: Descripción | C11: Tipo | D11: Tarifa/Hora | E11: Rendimiento | F11: Valor-Unit.
A12: Herramienta menor | D12: =+VLOOKUP(A12,EQUIPOS!$B$6:$C$25,2,) -> 5000 | E12: 1 | F12: =+D12/E12 -> 5000
F18: Sub-Total | G18: =+SUM(F12:F17) -> 5000
A19: II. MATERIALES EN OBRA
A20: Descripción | C20: Unidad | D20: Precio-Unit. | E20: Cantidad | F20: Valor-Unit.
A21: Silla yee 160X400 mm | C21: und | D21: 139000 | E21: 1 | F21: =+E21*D21 -> 139000
A22: tubería pvc 6 pulgadas | C22: ml | D22: 35000 | E22: 5 | F22: =+E22*D22 -> 175000
A23: Caja cilindrica en concreto incluye tapa y conexión | C23: und | D23: 120000 | E23: 1 | F23: =+E23*D23 -> 120000
F30: Sub-Total | G30: =+SUM(F21:F29) -> 434000
A31: III. TRANSPORTES
A32: Descripción | C32: Tipo | D32: Porcentaje | E32: Tarifa | F32: Valor-Unit.
A33: Transporte de materiales | D33: 0.03 | E33: =+G30 -> 434000 | F33: =+D33*E33 -> 13020
F37: Sub-Total | G37: =+SUM(F33:F36) -> 13020
A38: IV. MANO DE OBRA
A39: Trabajador | B39: Cantidad | C39: Jornal | D39: Prestaciones | E39: Jornal Total | F39: Rendimiento | G39: Valor-Unit.
A40: Oficial | B40: 1 | C40: =+VLOOKUP(A40,MO!$1:$1048576,2,FALSE) -> 66666.667 | D40: 0.75 | E40: =+C40*(1+D40) -> 116666.67 | F40: 6 | G40: =+B40*(E40/F40) -> 19444.444
A41: Ayudante | B41: 2 | C41: =+VLOOKUP(A41,MO!$1:$1048576,2,FALSE) -> 33333.333 | D41: 0.75 | E41: =+C41*(1+D41) -> 58333.333 | F41: 16 | G41: =+B41*(E41/F41) -> 7291.6667
F47: Sub-Total | G47: =+SUM(G40:G46) -> 26736.111
C49: Total Costo Directo | G49: =+G18+G30+G37+G47 -> 478756.11
